Workbook

Sheet Driver Assumptions
C3: Case Toggle (1 Downside, 2 Management, 3 Upside, 4 Outside-in) | D3: 4
C4: Selected Case | D4: =CHOOSE(D5,"Downside","Management","Upside","Outside-in") -> Outside-in
C5: Live case (Sensitivities override, else toggle) | D5: =IF(Sensitivities!$E$20>0,Sensitivities!$E$20,$D$3) -> 4
A6: X | C6: Driver Assumptions | E6: vs. Base (pp) | F6: =Model!J54 -> 46387 | G6: =EOMONTH(F6,12) -> 46752 | H6: =EOMONTH(G6,12) -> 47118 | I6: =EOMONTH(H6,12) -> 47483 | J6: =EOMONTH(I6,12) -> 47848 | K6: =EOMONTH(J6,12) -> 48213
C8: Revenue Growth | F8: =CHOOSE($D$5,F9,F10,F11,F12) -> 0.28040329 | G8: =CHOOSE($D$5,G9,G10,G11,G12) -> 0.13619371 | H8: =CHOOSE($D$5,H9,H10,H11,H12) -> 0.12619371 | I8: =CHOOSE($D$5,I9,I10,I11,I12) -> 0.11619371 | J8: =CHOOSE($D$5,J9,J10,J11,J12) -> 0.10619371 | K8: =CHOOSE($D$5,K9,K10,K11,K12) -> 0.1
C9: Case 1: Downside Case | E9: -3 | F9: =F12+$E9/100 -> 0.25040329 | G9: =G12+$E9/100 -> 0.10619371 | H9: =H12+$E9/100 -> 0.096193715 | I9: =I12+$E9/100 -> 0.086193715 | J9: =J12+$E9/100 -> 0.076193715 | K9: =K12+$E9/100 -> 0.07
C10: Case 2: Management Case | F10: =F52 -> 0.28767123 | G10: =G52 -> 0.17021277 | H10: =H52 -> 0.18 | I10: =I52 -> 0.17950693 | J10: =J52 -> 0.18027433 | K10: 0.16
C11: Case 3: Upside Case | E11: 3 | F11: =F12+$E11/100 -> 0.31040329 | G11: =G12+$E11/100 -> 0.16619371 | H11: =H12+$E11/100 -> 0.15619371 | I11: =I12+$E11/100 -> 0.14619371 | J11: =J12+$E11/100 -> 0.13619371 | K11: =K12+$E11/100 -> 0.13
C12: Case 4: Outside-in Case | F12: =F88 -> 0.28040329 | G12: =G88 -> 0.13619371 | H12: =H88 -> 0.12619371 | I12: =I88 -> 0.11619371 | J12: =J88 -> 0.10619371 | K12: =K88 -> 0.1
C14: Adj. EBITDA Margin (pre-SBC) | F14: =CHOOSE($D$5,F15,F16,F17,F18) -> 0.35743438 | G14: =CHOOSE($D$5,G15,G16,G17,G18) -> 0.37169221 | H14: =CHOOSE($D$5,H15,H16,H17,H18) -> 0.37806455 | I14: =CHOOSE($D$5,I15,I16,I17,I18) -> 0.38443689 | J14: =CHOOSE($D$5,J15,J16,J17,J18) -> 0.38762306 | K14: =CHOOSE($D$5,K15,K16,K17,K18) -> 0.39080923
C15: Case 1: Downside Case | E15: -1.5 | F15: =F18+$E15/100 -> 0.34243438 | G15: =G18+$E15/100 -> 0.35669221 | H15: =H18+$E15/100 -> 0.36306455 | I15: =I18+$E15/100 -> 0.36943689 | J15: =J18+$E15/100 -> 0.37262306 | K15: =K18+$E15/100 -> 0.37580923
C16: Case 2: Management Case | F16: =F54 -> 0.35957447 | G16: =G54 -> 0.38 | H16: =H54 -> 0.3990755 | I16: =I54 -> 0.41410843 | J16: =J54 -> 0.42224682 | K16: 0.427
C17: Case 3: Upside Case | E17: 1.5 | F17: =F18+$E17/100 -> 0.37243438 | G17: =G18+$E17/100 -> 0.38669221 | H17: =H18+$E17/100 -> 0.39306455 | I17: =I18+$E17/100 -> 0.39943689 | J17: =J18+$E17/100 -> 0.40262306 | K17: =K18+$E17/100 -> 0.40580923
C18: Case 4: Outside-in Case | F18: =F98 -> 0.35743438 | G18: =G98 -> 0.37169221 | H18: =H98 -> 0.37806455 | I18: =I98 -> 0.38443689 | J18: =J98 -> 0.38762306 | K18: =K98 -> 0.39080923
C20: SBC Expense ($m) | F20: =CHOOSE($D$5,F21,F22,F23,F24) -> 127.896 | G20: =CHOOSE($D$5,G21,G22,G23,G24) -> 127.896 | H20: =CHOOSE($D$5,H21,H22,H23,H24) -> 135.96584 | I20: =CHOOSE($D$5,I21,I22,I23,I24) -> 143.86502 | J20: =CHOOSE($D$5,J21,J22,J23,J24) -> 151.5038 | K20: =CHOOSE($D$5,K21,K22,K23,K24) -> 159.07899
C21: Case 1: Downside Case | F21: =F24 -> 127.896 | G21: =G24 -> 127.896 | H21: =H24 -> 135.96584 | I21: =I24 -> 143.86502 | J21: =J24 -> 151.5038 | K21: =K24 -> 159.07899
C22: Case 2: Management Case | F22: =F55 -> 127 | G22: =G55 -> 127 | H22: =H55 -> 127 | I22: =I55 -> 127 | J22: =J55 -> 127 | K22: =J22 -> 127
C23: Case 3: Upside Case | F23: =F24 -> 127.896 | G23: =G24 -> 127.896 | H23: =H24 -> 135.96584 | I23: =I24 -> 143.86502 | J23: =J24 -> 151.5038 | K23: =K24 -> 159.07899
C24: Case 4: Outside-in Case | F24: =F105 -> 127.896 | G24: =G105 -> 127.896 | H24: =H105 -> 135.96584 | I24: =I105 -> 143.86502 | J24: =J105 -> 151.5038 | K24: =K105 -> 159.07899
C26: Capex (% of Revenue) | F26: =CHOOSE($D$5,F27,F28,F29,F30) -> 0.0167174 | G26: =CHOOSE($D$5,G27,G28,G29,G30) -> 0.0167174 | H26: =CHOOSE($D$5,H27,H28,H29,H30) -> 0.0167174 | I26: =CHOOSE($D$5,I27,I28,I29,I30) -> 0.0167174 | J26: =CHOOSE($D$5,J27,J28,J29,J30) -> 0.0167174 | K26: =CHOOSE($D$5,K27,K28,K29,K30) -> 0.0167174
C27: Case 1: Downside Case | F27: =F30 -> 0.0167174 | G27: =G30 -> 0.0167174 | H27: =H30 -> 0.0167174 | I27: =I30 -> 0.0167174 | J27: =J30 -> 0.0167174 | K27: =K30 -> 0.0167174
C28: Case 2: Management Case | F28: =F56 -> 0.022 | G28: =G56 -> 0.015 | H28: =H56 -> 0.015 | I28: =I56 -> 0.015 | J28: =J56 -> 0.015 | K28: =J28 -> 0.015
C29: Case 3: Upside Case | F29: =F30 -> 0.0167174 | G29: =G30 -> 0.0167174 | H29: =H30 -> 0.0167174 | I29: =I30 -> 0.0167174 | J29: =J30 -> 0.0167174 | K29: =K30 -> 0.0167174
C30: Case 4: Outside-in Case | F30: =$E$107 -> 0.0167174 | G30: =$E$107 -> 0.0167174 | H30: =$E$107 -> 0.0167174 | I30: =$E$107 -> 0.0167174 | J30: =$E$107 -> 0.0167174 | K30: =$E$107 -> 0.0167174
C32: Depreciation (% of Capex) | F32: =CHOOSE($D$5,F33,F34,F35,F36) -> 0.97674419 | G32: =CHOOSE($D$5,G33,G34,G35,G36) -> 0.97674419 | H32: =CHOOSE($D$5,H33,H34,H35,H36) -> 0.97674419 | I32: =CHOOSE($D$5,I33,I34,I35,I36) -> 0.97674419 | J32: =CHOOSE($D$5,J33,J34,J35,J36) -> 0.97674419 | K32: =CHOOSE($D$5,K33,K34,K35,K36) -> 0.97674419
C33: Case 1: Downside Case | F33: =F36 -> 0.97674419 | G33: =G36 -> 0.97674419 | H33: =H36 -> 0.97674419 | I33: =I36 -> 0.97674419 | J33: =J36 -> 0.97674419 | K33: =K36 -> 0.97674419
C34: Case 2: Management Case | F34: =F57 -> 0.646 | G34: =G57 -> 0.682 | H34: =H57 -> 0.718 | I34: =I57 -> 0.754 | J34: =J57 -> 0.79 | K34: =J34 -> 0.79
C35: Case 3: Upside Case | F35: =F36 -> 0.97674419 | G35: =G36 -> 0.97674419 | H35: =H36 -> 0.97674419 | I35: =I36 -> 0.97674419 | J35: =J36 -> 0.97674419 | K35: =K36 -> 0.97674419
C36: Case 4: Outside-in Case | F36: =$E$110 -> 0.97674419 | G36: =$E$110 -> 0.97674419 | H36: =$E$110 -> 0.97674419 | I36: =$E$110 -> 0.97674419 | J36: =$E$110 -> 0.97674419 | K36: =$E$110 -> 0.97674419
C38: NWC Investment (% of Revenue) | F38: =CHOOSE($D$5,F39,F40,F41,F42) -> 0.027201018 | G38: =CHOOSE($D$5,G39,G40,G41,G42) -> 0.027201018 | H38: =CHOOSE($D$5,H39,H40,H41,H42) -> 0.027201018 | I38: =CHOOSE($D$5,I39,I40,I41,I42) -> 0.027201018 | J38: =CHOOSE($D$5,J39,J40,J41,J42) -> 0.027201018 | K38: =CHOOSE($D$5,K39,K40,K41,K42) -> 0.027201018
C39: Case 1: Downside Case | F39: =F42 -> 0.027201018 | G39: =G42 -> 0.027201018 | H39: =H42 -> 0.027201018 | I39: =I42 -> 0.027201018 | J39: =J42 -> 0.027201018 | K39: =K42 -> 0.027201018
C40: Case 2: Management Case | F40: =F58 -> 0.02 | G40: =G58 -> 0.02 | H40: =H58 -> 0.02 | I40: =I58 -> 0.02 | J40: =J58 -> 0.02 | K40: =J40 -> 0.02
C41: Case 3: Upside Case | F41: =F42 -> 0.027201018 | G41: =G42 -> 0.027201018 | H41: =H42 -> 0.027201018 | I41: =I42 -> 0.027201018 | J41: =J42 -> 0.027201018 | K41: =K42 -> 0.027201018
C42: Case 4: Outside-in Case | F42: =$E$111 -> 0.027201018 | G42: =$E$111 -> 0.027201018 | H42: =$E$111 -> 0.027201018 | I42: =$E$111 -> 0.027201018 | J42: =$E$111 -> 0.027201018 | K42: =$E$111 -> 0.027201018
C44: Contract Cost Amortization (% of Revenue) | F44: =CHOOSE($D$5,F45,F46,F47,F48) -> 0.013868664 | G44: =CHOOSE($D$5,G45,G46,G47,G48) -> 0.013868664 | H44: =CHOOSE($D$5,H45,H46,H47,H48) -> 0.013868664 | I44: =CHOOSE($D$5,I45,I46,I47,I48) -> 0.013868664 | J44: =CHOOSE($D$5,J45,J46,J47,J48) -> 0.013868664 | K44: =CHOOSE($D$5,K45,K46,K47,K48) -> 0.013868664
C45: Case 1: Downside Case | F45: =F48 -> 0.013868664 | G45: =G48 -> 0.013868664 | H45: =H48 -> 0.013868664 | I45: =I48 -> 0.013868664 | J45: =J48 -> 0.013868664 | K45: =K48 -> 0.013868664
C46: Case 2: Management Case | F46: 0.015 | G46: 0.015 | H46: 0.015 | I46: 0.015 | J46: 0.015 | K46: 0.015
C47: Case 3: Upside Case | F47: =F48 -> 0.013868664 | G47: =G48 -> 0.013868664 | H47: =H48 -> 0.013868664 | I47: =I48 -> 0.013868664 | J47: =J48 -> 0.013868664 | K47: =K48 -> 0.013868664
C48: Case 4: Outside-in Case | F48: =$E$112 -> 0.013868664 | G48: =$E$112 -> 0.013868664 | H48: =$E$112 -> 0.013868664 | I48: =$E$112 -> 0.013868664 | J48: =$E$112 -> 0.013868664 | K48: =$E$112 -> 0.013868664
A50: X | C50: Mgmt. Forecasts (DEFM14A) | E50: =EOMONTH(F6,-12) -> 46022 | F50: =F6 -> 46387 | G50: =G6 -> 46752 | H50: =H6 -> 47118 | I50: =I6 -> 47483 | J50: =J6 -> 47848
C51: Revenue | E51: 730 | F51: 940 | G51: 1100 | H51: 1298 | I51: 1531 | J51: 1807
C52: % Growth | F52: =F51/E51-1 -> 0.28767123 | G52: =G51/F51-1 -> 0.17021277 | H52: =H51/G51-1 -> 0.18 | I52: =I51/H51-1 -> 0.17950693 | J52: =J51/I51-1 -> 0.18027433
C53: Adj. EBITDA (pre-SBC) | E53: 248 | F53: 338 | G53: 418 | H53: 518 | I53: 634 | J53: 763
C54: % Margin | E54: =E53/E51 -> 0.33972603 | F54: =F53/F51 -> 0.35957447 | G54: =G53/G51 -> 0.38 | H54: =H53/H51 -> 0.3990755 | I54: =I53/I51 -> 0.41410843 | J54: =J53/J51 -> 0.42224682
C55: SBC expense | E55: 127 | F55: 127 | G55: 127 | H55: 127 | I55: 127 | J55: 127
C56: Capex (% of revenue) | F56: 0.022 | G56: 0.015 | H56: 0.015 | I56: 0.015 | J56: 0.015
C57: Depreciation (% of capex) | E57: 0.61 | F57: =$E$57+($J$57-$E$57)*(YEAR(F$50)-YEAR($E$50))/(YEAR($J$50)-YEAR($E$50)) -> 0.646 | G57: =$E$57+($J$57-$E$57)*(YEAR(G$50)-YEAR($E$50))/(YEAR($J$50)-YEAR($E$50)) -> 0.682 | H57: =$E$57+($J$57-$E$57)*(YEAR(H$50)-YEAR($E$50))/(YEAR($J$50)-YEAR($E$50)) -> 0.718 | I57: =$E$57+($J$57-$E$57)*(YEAR(I$50)-YEAR($E$50))/(YEAR($J$50)-YEAR($E$50)) -> 0.754 | J57: 0.79
C58: NWC (% of revenue) | F58: 0.02 | G58: 0.02 | H58: 0.02 | I58: 0.02 | J58: 0.02
A61: X | C61: Returns by Case (Selected Exit) | E61: IRR | F61: MOIC | G61: Price @ 22.5%
C62: Live case | E62: =Model!I204 -> 0.21071793 | F62: =Model!I205 -> 2.3735575 | G62: =INDEX(Model!K194:N194,MATCH(Model!M8,Model!K54:N54,0)) -> 23.59027
C63: Case 1: Downside Case | D63: 1 | E63: 0.16343494 | F63: 1.9823956 | G63: 20.656686
C64: Case 2: Management Case | D64: 2 | E64: 0.3242314 | F64: 3.5591278 | G64: 32.481653
C65: Case 3: Upside Case | D65: 3 | E65: 0.25675065 | F65: 2.8097029 | G65: 26.861215
C66: Case 4: Outside-in Case | D66: 4 | E66: 0.21071793 | F66: 2.3735575 | G66: 23.59027
C68: Outside-in Case Build (Clearwater's Record) | E68: =EOMONTH(F68,-12) -> 46022 | F68: =F6 -> 46387 | G68: =EOMONTH(F68,12) -> 46752 | H68: =EOMONTH(G68,12) -> 47118 | I68: =EOMONTH(H68,12) -> 47483 | J68: =EOMONTH(I68,12) -> 47848 | K68: =EOMONTH(J68,12) -> 48213
C69: FY2025A revenue, reported | E69: ='Income Statement'!F6 -> 731.368
C70: FY2025 revenue, pro forma full year of Enfusion and Beacon (disclosed) | E70: 817.005
C71: FY2024 revenue, pro forma (disclosed) | E71: 708.264
C72: Pro forma revenue growth, FY2025 (derived) | E72: =E70/E71-1 -> 0.15353173
C73: FY2025 organic revenue growth (reviewer figure; reference only) | E73: 0.188
C74: Total ARR, Q4'25 (disclosed) | E74: 840.962
C75: Acquired-entity ARR, Q4'25 (disclosed) | E75: 282
C76: Core ARR, Q4'25 (derived) | E76: =E74-E75 -> 558.962
C77: ARR, Q4'24, all core (disclosed) | E77: 474.924
C78: Core ARR growth, Q4'25 y/y (derived) | E78: =E76/E77-1 -> 0.17695042
C79: Acquired-entity ARR, Q2'25 (disclosed) | E79: 270.7
C80: Acquired ARR growth, Q2-Q4'25 annualized (derived) | E80: =(E75/E79)^2-1 -> 0.085229786
C81: Core share of Q4'25 ARR (derived) | E81: =E76/E74 -> 0.66466975
C82: Blended FY2026 organic growth: ARR-weighted (derived) | E82: =E81*E78+(1-E81)*E80 -> 0.14619371
C83: Net revenue retention, Q4'25 (disclosed; reference) | E83: 1.09
C84: Organic growth fade per year after FY2026 (assumption) | E84: 0.01
C85: Organic growth floor (assumption) | E85: 0.1
C86: Organic revenue growth (no future M&A) | F86: =E82 -> 0.14619371 | G86: =MAX($E$85,F86-$E$84) -> 0.13619371 | H86: =MAX($E$85,G86-$E$84) -> 0.12619371 | I86: =MAX($E$85,H86-$E$84) -> 0.11619371 | J86: =MAX($E$85,I86-$E$84) -> 0.10619371 | K86: =MAX($E$85,J86-$E$84) -> 0.1
C87: Outside-in revenue | E87: =E70 -> 817.005 | F87: =E87*(1+F86) -> 936.446 | G87: =F87*(1+G86) -> 1063.9841 | H87: =G87*(1+H86) -> 1198.2522 | I87: =H87*(1+I86) -> 1337.4815 | J87: =I87*(1+J86) -> 1479.5137 | K87: =J87*(1+K86) -> 1627.465
C88: Revenue growth vs. prior year (FY2026E vs. FY2025A reported) | F88: =F87/E69-1 -> 0.28040329 | G88: =G87/F87-1 -> 0.13619371 | H88: =H87/G87-1 -> 0.12619371 | I88: =I87/H87-1 -> 0.11619371 | J88: =J87/I87-1 -> 0.10619371 | K88: =K87/J87-1 -> 0.1
C90: Adj. EBITDA margin, FY2021A (disclosed) | E90: ='Income Statement'!B33 -> 0.28837165
C91: Adj. EBITDA margin, FY2025A (disclosed) | E91: ='Income Statement'!F33 -> 0.33935037
C92: Average annual margin expansion, FY2021A-FY2025A (derived) | E92: =(E91-E90)/(COUNT('Income Statement'!B33:F33)-1) -> 0.012744679
C93: Trend expansion captured (assumption) | F93: 1 | G93: 0.75 | H93: 0.5 | I93: 0.5 | J93: 0.25 | K93: 0.25
C94: Enfusion G&A cost savings target, run-rate ($m, disclosed) | E94: 20
C95: Share of savings realized by FY2025 (assumption) | E95: 0.5
C96: Phasing of remaining savings (assumption) | F96: 0.5 | G96: 0.5 | H96: 0 | I96: 0 | J96: 0 | K96: 0
C97: Incremental savings ($m) | F97: =$E$94*(1-$E$95)*F96 -> 5 | G97: =$E$94*(1-$E$95)*G96 -> 5 | H97: =$E$94*(1-$E$95)*H96 -> 0 | I97: =$E$94*(1-$E$95)*I96 -> 0 | J97: =$E$94*(1-$E$95)*J96 -> 0 | K97: =$E$94*(1-$E$95)*K96 -> 0
C98: Outside-in Adj. EBITDA margin (pre-SBC) | F98: =$E$91+$E$92*F93+F97/F87 -> 0.35743438 | G98: =F98+$E$92*G93+G97/G87 -> 0.37169221 | H98: =G98+$E$92*H93+H97/H87 -> 0.37806455 | I98: =H98+$E$92*I93+I97/I87 -> 0.38443689 | J98: =I98+$E$92*J93+J97/J87 -> 0.38762306 | K98: =J98+$E$92*K93+K97/K87 -> 0.39080923
C100: SBC expense, FY2025A (disclosed) | E100: ='Income Statement'!F30 -> 127.896
C101: Unrecognized RSU expense, 31-Dec-25 ($m, disclosed) | E101: 152.9
C102: Weighted average recognition period (years, disclosed) | E102: 2.3
C103: Annual run-off of existing RSUs ($m, derived) | E103: =E101/E102 -> 66.478261
C104: SBC growth after FY2027 (% of revenue growth, assumption) | E104: 0.5
C105: Outside-in SBC, treated as cash cost ($m) | F105: =$E$100 -> 127.896 | G105: =F105 -> 127.896 | H105: =G105*(1+$E$104*H86) -> 135.96584 | I105: =H105*(1+$E$104*I86) -> 143.86502 | J105: =I105*(1+$E$104*J86) -> 151.5038 | K105: =J105*(1+$E$104*K86) -> 159.07899
C106: Note: SBC as cash includes the deferred award payout (Model rows 153-159). Cash SBC from new grants = SBC as cash less the payout, floored at zero; a payout above SBC is an extra cash cost and tax deduction.
C107: Capex, % of revenue, FY2021A-FY2025A aggregate (derived) | E107: =-SUM('Cash Flow'!B28:F28)/SUM('Income Statement'!B6:F6) -> 0.0167174
C108: Intangible amortization, FY2024 ($m, disclosed) | E108: 5.6
C109: Intangible amortization, FY2025 ($m, disclosed) | E109: 75.7
C110: Depreciation % of capex, FY2024A-FY2025A (derived) | E110: =('Income Statement'!E31+'Income Statement'!F31-E108-E109)/-('Cash Flow'!E28+'Cash Flow'!F28) -> 0.97674419
C111: NWC investment % of revenue, FY2023A-FY2025A excl. TRA (derived) | E111: =-(SUM('Cash Flow'!D18:F22)+SUM('Cash Flow'!D24:F24))/SUM('Income Statement'!D6:F6) -> 0.027201018
C112: Contract cost amortization % of revenue, FY2023A-FY2025A (derived) | E112: =SUM('Cash Flow'!D10:F10)/SUM('Income Statement'!D6:F6) -> 0.013868664
C114: Case Engine: Management vs. Outside-in (data table on the case toggle)
D115: Live | E115: Management | F115: Outside-in
C116: Case toggle value | E116: 2 | F116: 4
...

Sheet Model
C2: ($ in millions, unless stated otherwise)
C3: General Assumptions | Q3: Purchase Price Build
C4: Close date | E4: 46198 | G4: Company merger costs ($m) | I4: 124.14263 | K4: Price paid vs. offer ($/share) | M4: 0 | Q4: Class A shares (m) | U4: 288.63233
C5: Offer price per share | E5: 24.55 | G5: Financing fees & OID (% of TL) | I5: 0.02 | K5: Target IRR, low | M5: 0.2 | Q5: OpCo units exchanged (m) | U5: 4.506422
C6: Unaffected price, 10-Nov-25 | E6: 16.69 | G6: Minimum cash | I6: 75 | K6: Target IRR, mid | M6: 0.225 | Q6: RSUs (m) | U6: 8.547355
C7: Premium to unaffected | E7: =E5/E6-1 -> 0.47094068 | G7: Cash tax rate | I7: 0.25 | K7: Target IRR, high | M7: 0.25 | Q7: PSUs, at maximum (m) | U7: 3.984521
C8: Exit multiple vs. entry NTM (turns) | E8: 0 | G8: DTA usage cap (% of tax) | I8: 0.8 | K8: Selected exit date | M8: =Sensitivities!$F$9 -> 47848 | Q8: Options (m) | U8: 7.590682
C9: Circularity (1 = on) | E9: 1 | G9: §163(j) cap (% of EBITDA) | I9: 0.3 | K9: Excess cash sweep (%) | M9: 1 | Q9: Weighted average strike ($) | U9: 9.09
C10: Director RSUs at offer: Aghi, Aigrain ($m) | E10: 0.753144 | G10: Deferred award payout ends | I10: =EDATE(E4,M10) -> 47294 | K10: Deferred award payout period (months) | M10: 36 | Q10: Enfusion committed SBC at offer ($m) | U10: 16.7
C11: Director RSUs at offer: Jones, NieuweWeme ($m) | E11: 0.786876 | G11: Enfusion awards vested at close (%) | I11: 0 | K11: Other awards vested at close (m) | M11: 0 | Q11: Enfusion committed awards (m) | U11: =U10/E5 -> 0.6802444
C12: Management rollover | E12: 0 | G12: DTA, net, 31-Mar-26 | I12: 702.3 | K12: First sweep year end | M12: 46752 | Q12: Net option shares, TSM (m) | U12: =U8*MAX(0,1-U9/U24) -> 4.7801199
C13: Revenue growth shift (pp, all years) | E13: 0 | G13: Adj. EBITDA margin shift (all years) | I13: 0 | K13: Entry multiple vs. offer (turns) | M13: 0 | Q13: Fully diluted shares (m) | U13: =SUM(U4:U7)+U11+U12 -> 311.131
C14: Financing Assumptions | Q14: Equity purchase price | U14: =U24*U13 -> 7638.2659
D15: Commitment Fee | E15: Commitment | F15: Drawn at Close | G15: x LTM EBITDA | H15: Margin | I15: SOFR Floor | J15: % Amort. | K15: Tenor (Years) | L15: Fee (%) | M15: Fee ($) | Q15: (+) Debt principal, current | U15: 8
C16: Revolver | D16: 0.005 | E16: 325 | F16: 0 | G16: =F16/$U$20 -> 0 | H16: 0.045 | I16: 0.005 | J16: 0 | K16: 7 | M16: 0 | Q16: (+) Debt principal, non-current | U16: 817
C17: Term loan | E17: 2700 | F17: =E17+Sensitivities!$F$10*U20 -> 2700 | G17: =F17/$U$20 -> 9.6241245 | H17: 0.045 | I17: 0.005 | J17: 0 | K17: 7 | L17: =I5 -> 0.02 | M17: =L17*F17 -> 54 | Q17: (–) Cash and cash equivalents | U17: =-'Balance Sheet'!G6 -> -81.507
C18: DDTL | D18: 0.01 | E18: 500 | F18: 0 | G18: =F18/$U$20 -> 0 | H18: 0.045 | I18: 0.005 | J18: 0 | K18: 7 | M18: 0 | Q18: Transaction enterprise value | U18: =SUM(U14:U17) -> 8381.7589
C19: Total | E19: =SUM(E16:E18) -> 3525 | F19: =SUM(F16:F18) -> 2700 | G19: =F19/$U$20 -> 9.6241245 | M19: =SUM(M16:M18) -> 54 | Q19: LTM Mar-26 revenue | U19: ='Income Statement'!I6 -> 825.732
Q20: LTM Mar-26 Adj. EBITDA (pre-SBC): entry metric | U20: ='Income Statement'!I32 -> 280.545
C21: Term SOFR, held flat | E21: =E22-E23 -> 0.0353 | G21: PIK share of margin | I21: 0.5 | K21: Revolver fee step-down, each | M21: 0.00125 | Q21: TEV / LTM Adj. EBITDA at price paid | U21: =U18/U20 -> 29.8767
C22: Existing debt rate, Q1'26 | E22: 0.0578 | G22: PIK step-up (paid in kind) | I22: 0.0025 | K22: Revolver fee trigger 1 (x) | M22: 7.5 | Q22: Entry: TEV / FY2026E (NTM) Adj. EBITDA at price paid | U22: =U18/J57 -> 25.041256
C23: Existing term loan margin | E23: 0.0225 | G23: PIK election (1 = on) | I23: 1 | K23: Revolver fee trigger 2 (x) | M23: 7 | Q23: TEV / LTM revenue | U23: =U18/U19 -> 10.150701
C24: Margin step-down | E24: 0.0025 | G24: PIK window ends | I24: =EDATE(E4,24) -> 46929 | K24: DDTL fee, day 91 to year 1 | M24: 0.005 | Q24: Price paid per share | U24: =Sensitivities!$F$7+M4+M13*U27/SUM(U4:U8) -> 24.55
C25: Step-down trigger, 1L net leverage (x) | E25: 7.5 | G25: DDTL availability ends | I25: =EDATE(E4,30) -> 47112 | K25: DDTL fee, after year 1 | M25: 0.01 | Q25: Entry NTM multiple: TEV / FY2026E Adj. EBITDA at $24.55 | U25: =(E5*(SUM(U4:U7)+U11+U8*MAX(0,1-U9/E5))+U15+U16+U17)/U27 -> 25.041256
C26: Revolver usable at close | E26: 81.25 | G26: Interest income rate on cash | I26: =E21+Sensitivities!$F$14/10000 -> 0.0353 | K26: DDTL fee-free period (days) | M26: 90 | Q26: Exit NTM multiple (= entry, flat) | U26: =U25+E8+Sensitivities!$F$8 -> 25.041256
Q27: FY2026E Adj. EBITDA, case before shifts (entry metric) | U27: =I55*(1+'Driver Assumptions'!F8)*'Driver Assumptions'!F14 -> 334.718
C28: Sources | G28: Uses | K28: Sponsor Equity by Commitment Letter | Q28: Pre-close Share Roll-forward
C29: Revolver | E29: =F16 -> 0 | G29: Equity consideration paid at closing | I29: =F48 -> 7440.3964 | L29: Commitment | M29: % of Total | N29: Funded | Q29: Class A + Class B shares, 4-May-26 (m) | U29: =O45+O46 -> 298.48829
C30: Term loan | E30: =F17 -> 2700 | G30: Refinance existing debt | I30: =U15+U16 -> 825 | K30: Permira | L30: 2577.4849 | M30: =L30/$L$34 -> 0.43649417 | N30: =M30*$E$34 -> 2504.181 | Q30: Shares issued since 15-Dec-25 count (m) | U30: =U29-U4-U5 -> 5.349536
C31: DDTL | E31: =F18 -> 0 | G31: Minimum cash | I31: =Sensitivities!$F$19 -> 75 | K31: Warburg Pincus | L31: 1827.4849 | M31: =L31/$L$34 -> 0.30948251 | N31: =M31*$E$34 -> 1775.5111 | Q31: Options exercised, Q1'26 (m) | U31: 0.339891
C32: Balance sheet cash | E32: =-U17 -> 81.507 | G32: Company merger costs | I32: =Sensitivities!$F$18 -> 124.14263 | K32: Francisco Partners | L32: 750 | M32: =L32/$L$34 -> 0.12701166 | N32: =M32*$E$34 -> 728.66994 | Q32: Strike, options exercised ($) | U32: 5.77
C33: Management rollover | E33: =E12 -> 0 | G33: Financing fees & OID | I33: =M19 -> 54 | K33: Temasek (Robson) | L33: 750 | M33: =L33/$L$34 -> 0.12701166 | N33: =M33*$E$34 -> 728.66994 | Q33: Options outstanding, pre-close (m) | U33: =U8-U31 -> 7.250791
C34: Sponsor equity | E34: =I35-SUM(E29:E33) -> 5737.032 | K34: Total | L34: =SUM(L30:L33) -> 5904.9698 | M34: =SUM(M30:M33) -> 1 | N34: =SUM(N30:N33) -> 5737.032 | Q34: Net option shares, TSM, pre-close (m) | U34: =MAX(0,U33-(U8*U9-U31*U32)/U24) -> 4.5201137
C35: Total Sources | E35: =SUM(E29:E34) -> 8518.539 | G35: Total Uses | I35: =SUM(I29:I33) -> 8518.539 | K35: Undrawn commitment headroom | N35: =L34-N34 -> 167.93782 | Q35: RSUs deferred at close (m) | U35: =U13-U29-U34-E43-E44-U7-U11 -> 3.3950953
K36: Equity / total capitalization | N36: =(E34+E33)/(E34+E33+E29+E30+E31) -> 0.67998225 | Q36: RSUs released pre-close, paid as common (m) | U36: =U6-E43-E44-U35 -> 5.0895298
K37: Equity funded per closing 8-K (approx.) | N37: 5700 | Q37: Memo: RSUs released in Q1'26 (m) | U37: 4.76651
C39: Closing Consideration and Deferred Awards
E40: Units (m) | F40: At close ($m) | G40: Deferred ($m) | H40: Total ($m) | K40: Reconciliation to Closing 8-K | O40: Model | P40: 8-K (approx.) | Q40: Difference
C41: Class A and B shares, 4-May-26 (incl. released RSUs) | E41: =U29 -> 298.48829 | F41: =E41*$U$24 -> 7327.8875 | G41: =0 -> 0 | H41: =F41+G41 -> 7327.8875 | K41: Consideration paid at closing | O41: =F48 -> 7440.3964 | P41: 7400 | Q41: =O41-P41 -> 40.396355
C42: Options, net of strike (pre-close; all paid at close) | E42: =U34 -> 4.5201137 | F42: =E42*$U$24 -> 110.96879 | G42: =0 -> 0 | H42: =F42+G42 -> 110.96879 | K42: Sponsor equity funded | O42: =E34 -> 5737.032 | P42: =N37 -> 5700 | Q42: =O42-P42 -> 37.031986
C43: RSUs, non-employee directors (paid at close) | E43: =(E10+E11)/E5 -> 0.062729939 | F43: =E43*$U$24 -> 1.54002 | G43: =0 -> 0 | H43: =F43+G43 -> 1.54002 | K43: Debt funded at close | O43: =SUM(E29:E31) -> 2700 | P43: 2700 | Q43: =O43-P43 -> 0
C44: Other awards vested at close | E44: =M11 -> 0 | F44: =E44*$U$24 -> 0 | G44: =0 -> 0 | H44: =F44+G44 -> 0
C45: RSUs, other: cash award, time-vesting | E45: =U35 -> 3.3950953 | F45: =0 -> 0 | G45: =E45*$U$24 -> 83.349589 | H45: =F45+G45 -> 83.349589 | K45: Class A shares, 4-May-26 (m) | O45: 297.37516
C46: PSUs at maximum: cash award, time-vesting | E46: =U7 -> 3.984521 | F46: =0 -> 0 | G46: =E46*$U$24 -> 97.819991 | H46: =F46+G46 -> 97.819991 | K46: Class B shares, 4-May-26 (m) | O46: 1.113136
C47: Enfusion committed awards | E47: =U11 -> 0.6802444 | F47: =E47*$I$11*$U$24 -> 0 | G47: =E47*(1-$I$11)*$U$24 -> 16.7 | H47: =F47+G47 -> 16.7 | K47: Shares issued since 15-Dec-25 count (m) | O47: =U30 -> 5.349536
C48: Total | E48: =SUM(E41:E47) -> 311.131 | F48: =SUM(F41:F47) -> 7440.3964 | G48: =SUM(G41:G47) -> 197.86958 | H48: =SUM(H41:H47) -> 7638.2659 | K48: Residual vs. 8-K consideration (% of 8-K) | O48: =Q41/P41 -> 0.0054589669
C49: Check: vs. shares and equity purchase price | E49: =E48-U13 -> 0 | H49: =H48-U14 -> 0 | K49: Residual vs. 8-K sponsor equity (% of 8-K) | O49: =Q42/P42 -> 0.0064968396
C52: Operating Build
E53: Fiscal Year Ending Dec-31 | P53: CAGRs
E54: =DATE(2021,12,31) -> 44561 | F54: =EOMONTH(E54,12) -> 44926 | G54: =EOMONTH(F54,12) -> 45291 | H54: =EOMONTH(G54,12) -> 45657 | I54: =EOMONTH(H54,12) -> 46022 | J54: =EOMONTH(I54,12) -> 46387 | K54: =EOMONTH(J54,12) -> 46752 | L54: =EOMONTH(K54,12) -> 47118 | M54: =EOMONTH(L54,12) -> 47483 | ... O54: =EOMONTH(N54,12) -> 48213 | P54: FY21-FY25 | Q54: FY25-FY30
C55: Revenue | E55: ='Income Statement'!B6 -> 252.022 | F55: ='Income Statement'!C6 -> 303.426 | G55: ='Income Statement'!D6 -> 368.168 | H55: ='Income Statement'!E6 -> 451.803 | I55: ='Income Statement'!F6 -> 731.368 | J55: =I55*(1+J56) -> 936.446 | K55: =J55*(1+K56) -> 1063.9841 | L55: =K55*(1+L56) -> 1198.2522 | M55: =L55*(1+M56) -> 1337.4815 | N55: =M55*(1+N56) -> 1479.5137 | O55: =N55*(1+O56) -> 1627.465 | P55: =IF(OR(E55<=0,I55<=0),"n.m.",(I55/E55)^(1/(YEAR($I$54)-YEAR($E$54)))-1) -> 0.30519192 | Q55: =IF(OR(I55<=0,N55<=0),"n.m.",(N55/I55)^(1/(YEAR($N$54)-YEAR($I$54)))-1) -> 0.15132147
C56: % Growth | F56: =F55/E55-1 -> 0.20396632 | G56: =G55/F55-1 -> 0.21336998 | H56: =H55/G55-1 -> 0.22716532 | I56: =I55/H55-1 -> 0.61877633 | J56: ='Driver Assumptions'!F8+$E$13+Sensitivities!$F$11/100 -> 0.28040329 | K56: ='Driver Assumptions'!G8+$E$13+Sensitivities!$F$11/100 -> 0.13619371 | L56: ='Driver Assumptions'!H8+$E$13+Sensitivities!$F$11/100 -> 0.12619371 | M56: ='Driver Assumptions'!I8+$E$13+Sensitivities!$F$11/100 -> 0.11619371 | N56: ='Driver Assumptions'!J8+$E$13+Sensitivities!$F$11/100 -> 0.10619371 | O56: ='Driver Assumptions'!K8+$E$13+Sensitivities!$F$11/100 -> 0.1
C57: Adj. EBITDA (pre-SBC) | E57: ='Income Statement'!B32 -> 72.676 | F57: ='Income Statement'!C32 -> 81.136 | G57: ='Income Statement'!D32 -> 105.906 | H57: ='Income Statement'!E32 -> 145.674 | I57: ='Income Statement'!F32 -> 248.19 | J57: =J55*J58 -> 334.718 | K57: =K55*K58 -> 395.47459 | L57: =L55*L58 -> 453.01666 | M57: =M55*M58 -> 514.17724 | N57: =N55*N58 -> 573.49361 | O57: =O55*O58 -> 636.02835 | P57: =IF(OR(E57<=0,I57<=0),"n.m.",(I57/E57)^(1/(YEAR($I$54)-YEAR($E$54)))-1) -> 0.35940329 | Q57: =IF(OR(I57<=0,N57<=0),"n.m.",(N57/I57)^(1/(YEAR($N$54)-YEAR($I$54)))-1) -> 0.18235764
C58: % Margin | E58: =E57/E55 -> 0.28837165 | F58: =F57/F55 -> 0.26739963 | G58: =G57/G55 -> 0.28765672 | H58: =H57/H55 -> 0.32242814 | I58: =I57/I55 -> 0.33935037 | J58: ='Driver Assumptions'!F14+$I$13+Sensitivities!$F$12/100 -> 0.35743438 | K58: ='Driver Assumptions'!G14+$I$13+Sensitivities!$F$12/100 -> 0.37169221 | L58: ='Driver Assumptions'!H14+$I$13+Sensitivities!$F$12/100 -> 0.37806455 | M58: ='Driver Assumptions'!I14+$I$13+Sensitivities!$F$12/100 -> 0.38443689 | N58: ='Driver Assumptions'!J14+$I$13+Sensitivities!$F$12/100 -> 0.38762306 | O58: ='Driver Assumptions'!K14+$I$13+Sensitivities!$F$12/100 -> 0.39080923
C59: (–) SBC | E59: =-'Income Statement'!B30 -> -36.695 | F59: =-'Income Statement'!C30 -> -65.691 | G59: =-'Income Statement'!D30 -> -104.447 | H59: =-'Income Statement'!E30 -> -103.201 | I59: =-'Income Statement'!F30 -> -127.896 | J59: =-'Driver Assumptions'!F20 -> -127.896 | K59: =-'Driver Assumptions'!G20 -> -127.896 | L59: =-'Driver Assumptions'!H20 -> -135.96584 | M59: =-'Driver Assumptions'!I20 -> -143.86502 | N59: =-'Driver Assumptions'!J20 -> -151.5038 | O59: =-'Driver Assumptions'!K20 -> -159.07899
C60: Adj. EBITDA (post-SBC) | E60: =E57+E59 -> 35.981 | F60: =F57+F59 -> 15.445 | G60: =G57+G59 -> 1.459 | H60: =H57+H59 -> 42.473 | I60: =I57+I59 -> 120.294 | J60: =J57+J59 -> 206.822 | K60: =K57+K59 -> 267.57859 | L60: =L57+L59 -> 317.05083 | ... O60: =O57+O59 -> 476.94936 | P60: =IF(OR(E60<=0,I60<=0),"n.m.",(I60/E60)^(1/(YEAR($I$54)-YEAR($E$54)))-1) -> 0.35220546 | Q60: =IF(OR(I60<=0,N60<=0),"n.m.",(N60/I60)^(1/(YEAR($N$54)-YEAR($I$54)))-1) -> 0.28532099
C61: % Margin | E61: =E60/E55 -> 0.14276928 | F61: =F60/F55 -> 0.050902032 | G61: =G60/G55 -> 0.0039628648 | H61: =H60/H55 -> 0.094007787 | I61: =I60/I55 -> 0.16447807 | J61: =J60/J55 -> 0.22085844 | K61: =K60/K55 -> 0.2514874 | L61: =L60/L55 -> 0.26459442 | ... O61: =O60/O55 -> 0.29306274
C62: (–) Capex | E62: ='Cash Flow'!B28 -> -5.025 | F62: ='Cash Flow'!C28 -> -7.758 | G62: ='Cash Flow'!D28 -> -5.624 | H62: ='Cash Flow'!E28 -> -5.259 | I62: ='Cash Flow'!F28 -> -11.554 | J62: =-J55*('Driver Assumptions'!F26+Sensitivities!$F$16/100) -> -15.654942 | K62: =-K55*('Driver Assumptions'!G26+Sensitivities!$F$16/100) -> -17.787047 | L62: =-L55*('Driver Assumptions'!H26+Sensitivities!$F$16/100) -> -20.03166 | M62: =-M55*('Driver Assumptions'!I26+Sensitivities!$F$16/100) -> -22.359213 | N62: =-N55*('Driver Assumptions'!J26+Sensitivities!$F$16/100) -> -24.733621 | O62: =-O55*('Driver Assumptions'!K26+Sensitivities!$F$16/100) -> -27.206983
C63: % of Revenue | E63: =-E62/E55 -> 0.019938736 | F63: =-F62/F55 -> 0.025568013 | G63: =-G62/G55 -> 0.015275635 | H63: =-H62/H55 -> 0.011640029 | I63: =-I62/I55 -> 0.015797793 | J63: =-J62/J55 -> 0.0167174 | K63: =-K62/K55 -> 0.0167174 | L63: =-L62/L55 -> 0.0167174 | ... O63: =-O62/O55 -> 0.0167174
C64: (–) Depreciation | J64: =J62*'Driver Assumptions'!F32 -> -15.290873 | K64: =K62*'Driver Assumptions'!G32 -> -17.373394 | L64: =L62*'Driver Assumptions'!H32 -> -19.565807 | M64: =M62*'Driver Assumptions'!I32 -> -21.839231 | N64: =N62*'Driver Assumptions'!J32 -> -24.15842 | O64: =O62*'Driver Assumptions'!K32 -> -26.574262
C65: Adj. EBIT (post-SBC) | J65: =J60+J64 -> 191.53112 | K65: =K60+K64 -> 250.20519 | L65: =L60+L64 -> 297.48502 | M65: =M60+M64 -> 348.47298 | N65: =N60+N64 -> 397.83139 | O65: =O60+O64 -> 450.3751
C66: % Margin | J66: =J65/J55 -> 0.20452981 | K66: =K65/K55 -> 0.23515878 | L66: =L65/L55 -> 0.24826579 | M66: =M65/M55 -> 0.26054415 | N66: =N65/N55 -> 0.26889335 | O66: =O65/O55 -> 0.27673412
C67: (+) Contract cost amortization | E67: ='Cash Flow'!B10 -> 3.385 | F67: ='Cash Flow'!C10 -> 4.327 | G67: ='Cash Flow'!D10 -> 4.763 | H67: ='Cash Flow'!E10 -> 5.265 | I67: ='Cash Flow'!F10 -> 11.487 | J67: =J55*'Driver Assumptions'!F44 -> 12.987255 | K67: =K55*'Driver Assumptions'!G44 -> 14.756038 | L67: =L55*'Driver Assumptions'!H44 -> 16.618157 | M67: =M55*'Driver Assumptions'!I44 -> 18.549082 | N67: =N55*'Driver Assumptions'!J44 -> 20.518878 | O67: =O55*'Driver Assumptions'!K44 -> 22.570766
C68: (–) NWC investment | J68: =-J55*('Driver Assumptions'!F38+Sensitivities!$F$17/100) -> -25.472284 | K68: =-K55*('Driver Assumptions'!G38+Sensitivities!$F$17/100) -> -28.941449 | L68: =-L55*('Driver Assumptions'!H38+Sensitivities!$F$17/100) -> -32.593678 | M68: =-M55*('Driver Assumptions'!I38+Sensitivities!$F$17/100) -> -36.380859 | N68: =-N55*('Driver Assumptions'!J38+Sensitivities!$F$17/100) -> -40.244278 | O68: =-O55*('Driver Assumptions'!K38+Sensitivities!$F$17/100) -> -44.268705
C70: Levered P&L and Cash Flow | I70: Close | J70: =J$54 -> 46387 | K70: =K$54 -> 46752 | L70: =L$54 -> 47118 | M70: =M$54 -> 47483 | N70: =N$54 -> 47848 | O70: =O$54 -> 48213
C71: Fraction of year post-close | J71: =MAX(0,(J$54-MAX($E$4,EDATE(J$54,-12))))/(J$54-EDATE(J$54,-12)) -> 0.51780822 | K71: =MAX(0,(K$54-MAX($E$4,EDATE(K$54,-12))))/(K$54-EDATE(K$54,-12)) -> 1 | L71: =MAX(0,(L$54-MAX($E$4,EDATE(L$54,-12))))/(L$54-EDATE(L$54,-12)) -> 1 | M71: =MAX(0,(M$54-MAX($E$4,EDATE(M$54,-12))))/(M$54-EDATE(M$54,-12)) -> 1 | N71: =MAX(0,(N$54-MAX($E$4,EDATE(N$54,-12))))/(N$54-EDATE(N$54,-12)) -> 1 | O71: =MAX(0,(O$54-MAX($E$4,EDATE(O$54,-12))))/(O$54-EDATE(O$54,-12)) -> 1
C72: Adj. EBITDA (post-SBC), period | J72: =J60*J71 -> 107.09413 | K72: =K60*K71 -> 267.57859 | L72: =L60*L71 -> 317.05083 | M72: =M60*M71 -> 370.31222 | N72: =N60*N71 -> 421.98981 | O72: =O60*O71 -> 476.94936
C73: (–) Depreciation, period | J73: =J64*J71 -> -7.9177399 | K73: =K64*K71 -> -17.373394 | L73: =L64*L71 -> -19.565807 | M73: =M64*M71 -> -21.839231 | N73: =N64*N71 -> -24.15842 | O73: =O64*O71 -> -26.574262
C74: Adj. EBIT (post-SBC), period | J74: =J72+J73 -> 99.17639 | K74: =K72+K73 -> 250.20519 | L74: =L72+L73 -> 297.48502 | M74: =M72+M73 -> 348.47298 | N74: =N72+N73 -> 397.83139 | O74: =O72+O73 -> 450.3751
C75: (–) Interest expense | J75: =-J168 -> -122.0294 | K75: =-K168 -> -239.35798 | L75: =-L168 -> -226.92655 | M75: =-M168 -> -212.09454 | N75: =-N168 -> -200.81204 | O75: =-O168 -> -184.79434
C76: (+) Interest income | J76: =J169 -> 1.4417935 | K76: =K169 -> 2.7844161 | L76: =L169 -> 2.6475 | M76: =M169 -> 2.6475 | N76: =N169 -> 2.6475 | O76: =O169 -> 2.6475
C77: Pre-tax income | J77: =SUM(J74:J76)-MAX(0,-J156+J59*J71) -> -21.41122 | K77: =SUM(K74:K76)-MAX(0,-K156+K59*K71) -> 13.631631 | L77: =SUM(L74:L76)-MAX(0,-L156+L59*L71) -> 73.205971 | M77: =SUM(M74:M76)-MAX(0,-M156+M59*M71) -> 139.02595 | N77: =SUM(N74:N76)-MAX(0,-N156+N59*N71) -> 199.66684 | O77: =SUM(O74:O76)-MAX(0,-O156+O59*O71) -> 268.22826
C78: (–) Cash taxes | J78: =-J92 -> -3.3524076 | K78: =-K92 -> -8.4965808 | L78: =-L92 -> -10.118489 | M78: =-M92 -> -11.868966 | N78: =-N92 -> -13.561722 | O78: =-O92 -> -15.364514
C79: Net income | J79: =J77+J78 -> -24.763628 | K79: =K77+K78 -> 5.1350502 | L79: =L77+L78 -> 63.087483 | M79: =M77+M78 -> 127.15698 | N79: =N77+N78 -> 186.10512 | O79: =O77+O78 -> 252.86374
C81: Cash Taxes
C82: Net interest expense | J82: =J168-J169 -> 120.58761 | K82: =K168-K169 -> 236.57356 | L82: =L168-L169 -> 224.27905 | M82: =M168-M169 -> 209.44704 | N82: =N168-N169 -> 198.16454 | O82: =O168-O169 -> 182.14684
C83: §163(j) carryforward, opening | J83: =0 -> 0 | K83: =J86 -> 88.459372 | L83: =K86 -> 244.75936 | M83: =L86 -> 373.92316 | N83: =M86 -> 472.27653 | O83: =N86 -> 543.84413
C84: §163(j) cap | J84: =$I$9*MAX(0,J72-MAX(0,-J156+J59*J71)) -> 32.128239 | K84: =$I$9*MAX(0,K72-MAX(0,-K156+K59*K71)) -> 80.273576 | L84: =$I$9*MAX(0,L72-MAX(0,-L156+L59*L71)) -> 95.115248 | M84: =$I$9*MAX(0,M72-MAX(0,-M156+M59*M71)) -> 111.09366 | N84: =$I$9*MAX(0,N72-MAX(0,-N156+N59*N71)) -> 126.59694 | O84: =$I$9*MAX(0,O72-MAX(0,-O156+O59*O71)) -> 143.08481
C85: Interest deducted | J85: =MIN(J82+J83,J84) -> 32.128239 | K85: =MIN(K82+K83,K84) -> 80.273576 | L85: =MIN(L82+L83,L84) -> 95.115248 | M85: =MIN(M82+M83,M84) -> 111.09366 | N85: =MIN(N82+N83,N84) -> 126.59694 | O85: =MIN(O82+O83,O84) -> 143.08481
C86: §163(j) carryforward, closing | J86: =J83+J82-J85 -> 88.459372 | K86: =K83+K82-K85 -> 244.75936 | L86: =L83+L82-L85 -> 373.92316 | M86: =M83+M82-M85 -> 472.27653 | N86: =N83+N82-N85 -> 543.84413 | O86: =O83+O82-O85 -> 582.90616
C87: Taxable income | J87: =MAX(0,J74-J85-MAX(0,-J156+J59*J71)) -> 67.048151 | K87: =MAX(0,K74-K85-MAX(0,-K156+K59*K71)) -> 169.93162 | L87: =MAX(0,L74-L85-MAX(0,-L156+L59*L71)) -> 202.36977 | M87: =MAX(0,M74-M85-MAX(0,-M156+M59*M71)) -> 237.37932 | N87: =MAX(0,N74-N85-MAX(0,-N156+N59*N71)) -> 271.23445 | O87: =MAX(0,O74-O85-MAX(0,-O156+O59*O71)) -> 307.29029
C88: Tax at cash tax rate | J88: =J87*$I$7 -> 16.762038 | K88: =K87*$I$7 -> 42.482904 | L88: =L87*$I$7 -> 50.592443 | M88: =M87*$I$7 -> 59.34483 | N88: =N87*$I$7 -> 67.808611 | O88: =O87*$I$7 -> 76.822572
C89: DTA, opening | J89: =$I$12 -> 702.3 | K89: =J91 -> 688.89037 | L89: =K91 -> 654.90405 | M89: =L91 -> 614.43009 | N89: =M91 -> 566.95423 | O89: =N91 -> 512.70734
C90: (–) DTA utilized | J90: =-MIN(J89,J88*$I$8) -> -13.40963 | K90: =-MIN(K89,K88*$I$8) -> -33.986323 | L90: =-MIN(L89,L88*$I$8) -> -40.473954 | M90: =-MIN(M89,M88*$I$8) -> -47.475864 | N90: =-MIN(N89,N88*$I$8) -> -54.246889 | O90: =-MIN(O89,O88*$I$8) -> -61.458058
C91: DTA, closing | J91: =J89+J90 -> 688.89037 | K91: =K89+K90 -> 654.90405 | L91: =L89+L90 -> 614.43009 | M91: =M89+M90 -> 566.95423 | N91: =N89+N90 -> 512.70734 | O91: =O89+O90 -> 451.24928
C92: Cash taxes | J92: =J88+J90 -> 3.3524076 | K92: =K88+K90 -> 8.4965808 | L92: =L88+L90 -> 10.118489 | M92: =M88+M90 -> 11.868966 | N92: =N88+N90 -> 13.561722 | O92: =O88+O90 -> 15.364514
C94: Adj. EBITDA (post cash-settled SBC), period | J94: =J72+(1-Sensitivities!$F$13)*-J59*J71 -> 107.09413 | K94: =K72+(1-Sensitivities!$F$13)*-K59*K71 -> 267.57859 | L94: =L72+(1-Sensitivities!$F$13)*-L59*L71 -> 317.05083 | M94: =M72+(1-Sensitivities!$F$13)*-M59*M71 -> 370.31222 | N94: =N72+(1-Sensitivities!$F$13)*-N59*N71 -> 421.98981 | O94: =O72+(1-Sensitivities!$F$13)*-O59*O71 -> 476.94936
C95: (–) Cash taxes | J95: =-J92 -> -3.3524076 | K95: =-K92 -> -8.4965808 | L95: =-L92 -> -10.118489 | M95: =-M92 -> -11.868966 | N95: =-N92 -> -13.561722 | O95: =-O92 -> -15.364514
C96: (–) Capex | J96: =J62*J71 -> -8.1062576 | K96: =K62*K71 -> -17.787047 | L96: =L62*L71 -> -20.03166 | M96: =M62*M71 -> -22.359213 | N96: =N62*N71 -> -24.733621 | O96: =O62*O71 -> -27.206983
C97: (+) Contract cost amortization | J97: =J67*J71 -> 6.7249075 | K97: =K67*K71 -> 14.756038 | L97: =L67*L71 -> 16.618157 | M97: =M67*M71 -> 18.549082 | N97: =N67*N71 -> 20.518878 | O97: =O67*O71 -> 22.570766
C98: (–) NWC investment | J98: =J68*J71 -> -13.189758 | K98: =K68*K71 -> -28.941449 | L98: =L68*L71 -> -32.593678 | M98: =M68*M71 -> -36.380859 | N98: =N68*N71 -> -40.244278 | O98: =O68*O71 -> -44.268705
C99: Cash Flow from Operations after Tax and Capex | J99: =SUM(J94:J98) -> 89.170614 | K99: =SUM(K94:K98) -> 227.10955 | L99: =SUM(L94:L98) -> 270.92516 | M99: =SUM(M94:M98) -> 318.25226 | N99: =SUM(N94:N98) -> 363.96907 | O99: =SUM(O94:O98) -> 412.67992
C100: (–) Cash interest and fees | J100: =-J165 -> -82.855124 | K100: =-K165 -> -163.33929 | L100: =-L165 -> -188.17811 | M100: =-M165 -> -204.38025 | N100: =-N165 -> -193.09776 | O100: =-O165 -> -177.08006
C101: (+) Interest income | J101: =J76 -> 1.4417935 | K101: =K76 -> 2.7844161 | L101: =L76 -> 2.6475 | M101: =M76 -> 2.6475 | N101: =N76 -> 2.6475 | O101: =O76 -> 2.6475
C102: (–) Mandatory amortization | J102: =J134 -> 0 | K102: =K134 -> 0 | L102: =L134 -> 0 | M102: =M134 -> 0 | N102: =N134 -> 0 | O102: =O134 -> 0
C103: (+) Beginning cash less minimum cash | J103: =J111-Sensitivities!$F$19 -> 0 | K103: =K111-Sensitivities!$F$19 -> 7.7572836 | L103: =L111-Sensitivities!$F$19 -> 0 | M103: =M111-Sensitivities!$F$19 -> 0 | N103: =N111-Sensitivities!$F$19 -> 0 | O103: =O111-Sensitivities!$F$19 -> 3.0522074e-10
C104: (–) Deferred award payout above SBC as cash | J104: =-MAX(0,-J156+Sensitivities!$F$13*J59*J71) -> 0 | K104: =-MAX(0,-K156+Sensitivities!$F$13*K59*K71) -> 0 | L104: =-MAX(0,-L156+Sensitivities!$F$13*L59*L71) -> 0 | M104: =-MAX(0,-M156+Sensitivities!$F$13*M59*M71) -> 0 | N104: =-MAX(0,-N156+Sensitivities!$F$13*N59*N71) -> 0 | O104: =-MAX(0,-O156+Sensitivities!$F$13*O59*O71) -> 0
C105: Cash Available for Debt Service | J105: =SUM(J99:J104) -> 7.7572836 | K105: =SUM(K99:K104) -> 74.311955 | L105: =SUM(L99:L104) -> 85.394545 | M105: =SUM(M99:M104) -> 116.51951 | N105: =SUM(N99:N104) -> 173.51881 | O105: =SUM(O99:O104) -> 238.24737
C106: (+) Revolver drawdown / (–) paydown | J106: =J125 -> 0 | K106: =K125 -> 0 | L106: =L125 -> 0 | M106: =M125 -> 0 | N106: =N125 -> 0 | O106: =O125 -> 0
C107: Cash Available for Term Loan Sweep | J107: =J105+J106 -> 7.7572836 | K107: =K105+K106 -> 74.311955 | L107: =L105+L106 -> 85.394545 | M107: =M105+M106 -> 116.51951 | N107: =N105+N106 -> 173.51881 | O107: =O105+O106 -> 238.24737
...

Sheet LBO Output
C2: Clearwater Analytics (CWAN) Take-Private: LBO Output
C3: ="($ in millions, except per share); case shown: "&'Driver Assumptions'!D4 -> ($ in millions, except per share); case shown: Outside-in
C6: Sources | E6: x LTM | F6: Amount | G6: % | I6: Transaction Summary
C7: Revolver | E7: =F7/Model!$U$20 -> 0 | F7: =Model!E29 -> 0 | G7: =F7/$F$12 -> 0 | I7: Close date | M7: =Model!E4 -> 46198 | O7: TEV / LTM Mar-26 Adj. EBITDA (reference) | U7: =Model!U21 -> 29.8767
C8: Term loan | E8: =F8/Model!$U$20 -> 9.6241245 | F8: =Model!E30 -> 2700 | G8: =F8/$F$12 -> 0.31695576 | I8: Offer price per share | M8: =Model!E5 -> 24.55 | O8: Total debt / LTM Adj. EBITDA at close | U8: =Model!I164 -> 9.6241245
C9: Delayed-draw term loan | E9: =F9/Model!$U$20 -> 0 | F9: =Model!E31 -> 0 | G9: =F9/$F$12 -> 0 | I9: Premium to unaffected ($16.69) | M9: =Model!E7 -> 0.47094068 | O9: Equity / total capitalization | U9: =Model!N36 -> 0.67998225
C10: Balance sheet cash | F10: =Model!E32 -> 81.507 | G10: =F10/$F$12 -> 0.0095681901 | I10: Fully diluted shares (m) | M10: =Model!U13 -> 311.131 | O10: Exit: NTM Adj. EBITDA multiple (= entry, flat) | U10: =Model!U26 -> 25.041256
C11: Sponsor equity | F11: =Model!E34 -> 5737.032 | G11: =F11/$F$12 -> 0.67347605 | I11: Equity purchase price | M11: =Model!U14 -> 7638.2659 | O11: Selected exit | U11: =Model!M8 -> 47848
C12: Total Sources | F12: =SUM(F7:F11) -> 8518.539 | G12: =SUM(G7:G11) -> 1 | I12: Transaction enterprise value | M12: =Model!U18 -> 8381.7589 | O12: IRR, selected exit | U12: =Model!I204 -> 0.21071793
I13: Entry: TEV / FY2026E (NTM) Adj. EBITDA | M13: =Model!U22 -> 25.041256 | O13: MOIC, selected exit | U13: =Model!I205 -> 2.3735575
C14: Uses | F14: Amount | G14: %
C15: Equity consideration paid at closing | F15: =Model!I29 -> 7440.3964 | G15: =F15/$F$20 -> 0.87343573
C16: Refinance existing debt | F16: =Model!I30 -> 825 | G16: =F16/$F$20 -> 0.096847593
C17: Minimum cash | F17: =Model!I31 -> 75 | G17: =F17/$F$20 -> 0.0088043267
C18: Company merger costs | F18: =Model!I32 -> 124.14263 | G18: =F18/$F$20 -> 0.01457323
C19: Financing fees & OID | F19: =Model!I33 -> 54 | G19: =F19/$F$20 -> 0.0063391152
C20: Total Uses | F20: =SUM(F15:F19) -> 8518.539 | G20: =SUM(G15:G19) -> 1
C21: Memo: deferred award liability (paid within SBC as cash) | F21: =Model!G48 -> 197.86958
C22: Returns by Exit Year | I22: P&L, Cash Flow and Credit Output ($ in millions)
D23: =Model!K54 -> 46752 | E23: =Model!L54 -> 47118 | F23: =Model!M54 -> 47483 | G23: =Model!N54 -> 47848 | J23: Historicals | L23: Projections | S23: CAGRs
C24: Years from close | D24: =Model!K174 -> 1.5178082 | E24: =Model!L174 -> 2.5182482 | F24: =Model!M174 -> 3.5181383 | G24: =Model!N174 -> 4.5180723 | J24: =Model!H54 -> 45657 | K24: =Model!I54 -> 46022 | L24: =Model!J54 -> 46387 | M24: =Model!K54 -> 46752 | N24: =Model!L54 -> 47118 | O24: =Model!M54 -> 47483 | P24: =Model!N54 -> 47848 | Q24: =Model!O54 -> 48213 | S24: =Model!P54 -> FY21-FY25 | T24: =Model!Q54 -> FY25-FY30
C25: Exit enterprise value | D25: =Model!K178 -> 11344.106 | E25: =Model!L178 -> 12875.644 | F25: =Model!M178 -> 14361 | G25: =Model!N178 -> 15926.949 | I25: Revenue | J25: =Model!H55 -> 451.803 | K25: =Model!I55 -> 731.368 | L25: =Model!J55 -> 936.446 | M25: =Model!K55 -> 1063.9841 | N25: =Model!L55 -> 1198.2522 | O25: =Model!M55 -> 1337.4815 | P25: =Model!N55 -> 1479.5137 | Q25: =Model!O55 -> 1627.465 | S25: =Model!P55 -> 0.30519192 | T25: =Model!Q55 -> 0.15132147
C26: Exit equity value | D26: =Model!K182 -> 8616.5452 | E26: =Model!L182 -> 10252.001 | F26: =Model!M182 -> 11877.708 | G26: =Model!N182 -> 13617.175 | I26: % Growth | J26: =Model!H56 -> 0.22716532 | K26: =Model!I56 -> 0.61877633 | L26: =Model!J56 -> 0.28040329 | M26: =Model!K56 -> 0.13619371 | N26: =Model!L56 -> 0.12619371 | O26: =Model!M56 -> 0.11619371 | P26: =Model!N56 -> 0.10619371 | Q26: =Model!O56 -> 0.1
C27: Sponsor proceeds | D27: =Model!K184 -> 8616.5452 | E27: =Model!L184 -> 10252.001 | F27: =Model!M184 -> 11877.708 | G27: =Model!N184 -> 13617.175 | I27: Adj. EBITDA (pre-SBC) | J27: =Model!H57 -> 145.674 | K27: =Model!I57 -> 248.19 | L27: =Model!J57 -> 334.718 | M27: =Model!K57 -> 395.47459 | N27: =Model!L57 -> 453.01666 | O27: =Model!M57 -> 514.17724 | P27: =Model!N57 -> 573.49361 | Q27: =Model!O57 -> 636.02835 | S27: =Model!P57 -> 0.35940329 | T27: =Model!Q57 -> 0.18235764
C28: IRR | D28: =Model!K187 -> 0.30732097 | E28: =Model!L187 -> 0.25926681 | F28: =Model!M187 -> 0.22979615 | G28: =Model!N187 -> 0.21084479 | I28: % Margin | J28: =Model!H58 -> 0.32242814 | K28: =Model!I58 -> 0.33935037 | L28: =Model!J58 -> 0.35743438 | M28: =Model!K58 -> 0.37169221 | N28: =Model!L58 -> 0.37806455 | O28: =Model!M58 -> 0.38443689 | P28: =Model!N58 -> 0.38762306 | Q28: =Model!O58 -> 0.39080923
C29: MOIC | D29: =Model!K188 -> 1.5019169 | E29: =Model!L188 -> 1.7869869 | F29: =Model!M188 -> 2.0703576 | G29: =Model!N188 -> 2.3735575 | I29: (–) SBC | J29: =Model!H59 -> -103.201 | K29: =Model!I59 -> -127.896 | L29: =Model!J59 -> -127.896 | M29: =Model!K59 -> -127.896 | N29: =Model!L59 -> -135.96584 | O29: =Model!M59 -> -143.86502 | P29: =Model!N59 -> -151.5038 | Q29: =Model!O59 -> -159.07899
I30: Adj. EBITDA (post-SBC) | J30: =Model!H60 -> 42.473 | K30: =Model!I60 -> 120.294 | L30: =Model!J60 -> 206.822 | M30: =Model!K60 -> 267.57859 | N30: =Model!L60 -> 317.05083 | O30: =Model!M60 -> 370.31222 | P30: =Model!N60 -> 421.98981 | Q30: =Model!O60 -> 476.94936 | S30: =Model!P60 -> 0.35220546 | T30: =Model!Q60 -> 0.28532099
C31: ="Max. price per share at "&TEXT(Model!$M$5,"0.0%")&" IRR" -> Max. price per share at 20.0% IRR | D31: =Model!K192 -> 27.13562 | E31: =Model!L192 -> 26.966707 | F31: =Model!M192 -> 26.24073 | G31: =Model!N192 -> 25.328291 | I31: (–) Depreciation | L31: =Model!J64 -> -15.290873 | M31: =Model!K64 -> -17.373394 | N31: =Model!L64 -> -19.565807 | O31: =Model!M64 -> -21.839231 | P31: =Model!N64 -> -24.15842 | Q31: =Model!O64 -> -26.574262
C32: ="Max. price per share at "&TEXT(Model!$M$6,"0.0%")&" IRR" -> Max. price per share at 22.5% IRR | D32: =Model!K194 -> 26.482602 | E32: =Model!L194 -> 25.897182 | F32: =Model!M194 -> 24.809691 | G32: =Model!N194 -> 23.59027 | I32: Adj. EBIT (post-SBC) | L32: =Model!J65 -> 191.53112 | M32: =Model!K65 -> 250.20519 | N32: =Model!L65 -> 297.48502 | O32: =Model!M65 -> 348.47298 | P32: =Model!N65 -> 397.83139 | Q32: =Model!O65 -> 450.3751
C33: ="Max. price per share at "&TEXT(Model!$M$7,"0.0%")&" IRR" -> Max. price per share at 25.0% IRR | D33: =Model!K196 -> 25.862022 | E33: =Model!L196 -> 24.901578 | F33: =Model!M196 -> 23.50473 | G33: =Model!N196 -> 22.037402 | I33: (–) Interest expense | L33: =Model!J75 -> -122.0294 | M33: =Model!K75 -> -239.35798 | N33: =Model!L75 -> -226.92655 | O33: =Model!M75 -> -212.09454 | P33: =Model!N75 -> -200.81204 | Q33: =Model!O75 -> -184.79434
C34: ="Premium / (discount) to offer at "&TEXT(Model!$M$6,"0.0%") -> Premium / (discount) to offer at 22.5% | D34: =Model!K197 -> 0.078721075 | E34: =Model!L197 -> 0.054875042 | F34: =Model!M197 -> 0.010578036 | G34: =Model!N197 -> -0.039092873 | I34: (+) Interest income | L34: =Model!J76 -> 1.4417935 | M34: =Model!K76 -> 2.7844161 | N34: =Model!L76 -> 2.6475 | O34: =Model!M76 -> 2.6475 | P34: =Model!N76 -> 2.6475 | Q34: =Model!O76 -> 2.6475
I35: (–) Cash taxes | L35: =Model!J78 -> -3.3524076 | M35: =Model!K78 -> -8.4965808 | N35: =Model!L78 -> -10.118489 | O35: =Model!M78 -> -11.868966 | P35: =Model!N78 -> -13.561722 | Q35: =Model!O78 -> -15.364514
C37: Purchase Price Build
E38: Shares (m) | G38: $m
C39: Offer price per share | G39: =Model!E5 -> 24.55
C40: Class A shares, 15-Dec-25 | E40: =Model!U4 -> 288.63233 | G40: =E40*$G$39 -> 7085.9238
C41: OpCo units exchanged into Class A | E41: =Model!U5 -> 4.506422 | G41: =E41*$G$39 -> 110.63266
C42: RSUs (released pre-close: paid as shares; rest deferred) | E42: =Model!U6 -> 8.547355 | G42: =E42*$G$39 -> 209.83757
C43: PSUs at maximum (cash award, paid as they vest) | E43: =Model!U7 -> 3.984521 | G43: =E43*$G$39 -> 97.819991
C44: Options outstanding (weighted average strike $9.09) | E44: =Model!U8 -> 7.590682
C45: Net option shares, treasury stock method | E45: =Model!U12 -> 4.7801199 | G45: =E45*$G$39 -> 117.35194
C46: Enfusion committed awards ($16.7m at offer) | E46: =Model!U11 -> 0.6802444 | G46: =E46*$G$39 -> 16.7
C47: Fully diluted shares / equity purchase price | E47: =SUM(E40:E43)+E45+E46 -> 311.131 | G47: =SUM(G40:G46) -> 7638.2659
C48: (+) Existing debt, current | G48: =Model!U15 -> 8
C49: (+) Existing debt, non-current | G49: =Model!U16 -> 817
C50: (–) Cash and cash equivalents, 31-Mar-26 | G50: =Model!U17 -> -81.507
C51: Transaction enterprise value | G51: =SUM(G47:G50) -> 8381.7589
C52: Memo: equity purchase price paid at closing | G52: =Model!F48 -> 7440.3964 | I52: Sensitivity Tables: Outside-in Case, FY2030 Exit
C53: Memo: deferred award liability (paid within SBC as cash) | G53: =Model!G48 -> 197.86958
C54: Check: equity purchase price vs. Model | G54: =G47-Model!U14 -> 0
J56: IRR: entry vs. exit multiple | P56: IRR: exit multiple vs. revenue growth
C57: Returns Bridge, FY2030 Exit ($m) | K57: Entry multiple vs. offer (turns) | Q57: Revenue growth shift (pp)
E58: Management | G58: Outside-in | J58: Exit vs. entry NTM multiple | K58: =Model!E221 -> -2 | L58: =Model!F221 -> -1 | M58: =Model!G221 -> 0 | N58: =Model!H221 -> 1 | O58: =Model!I221 -> 2 | P58: Exit vs. entry NTM multiple | Q58: =Model!M221 -> -0.04 | R58: =Model!N221 -> -0.02 | S58: =Model!O221 -> 0 | T58: =Model!P221 -> 0.02 | U58: =Model!Q221 -> 0.04
C59: Sponsor equity in | E59: ='Driver Assumptions'!E215 -> 5737.032 | G59: ='Driver Assumptions'!F215 -> 5737.032 | J59: =Model!D222 -> -4 | K59: =Model!E222 -> 0.1879337 | L59: =Model!F222 -> 0.17167591 | M59: =Model!G222 -> 0.15657515 | N59: =Model!H222 -> 0.14248984 | O59: =Model!I222 -> 0.12930227 | P59: =Model!L222 -> -4 | Q59: =Model!M222 -> 0.083818653 | R59: =Model!N222 -> 0.12072137 | S59: =Model!O222 -> 0.15657515 | T59: =Model!P222 -> 0.19159883 | U59: =Model!Q222 -> 0.22595109
C60: (+) EBITDA growth at entry multiple | E60: ='Driver Assumptions'!E216 -> 13813.616 | G60: ='Driver Assumptions'!F216 -> 7545.1897 | J60: =Model!D223 -> -2 | K60: =Model!E223 -> 0.21685689 | L60: =Model!F223 -> 0.20020328 | M60: =Model!G223 -> 0.18473484 | N60: =Model!H223 -> 0.17030659 | O60: =Model!I223 -> 0.15679793 | P60: =Model!L223 -> -2 | Q60: =Model!M223 -> 0.11229679 | R60: =Model!N223 -> 0.1489729 | S60: =Model!O223 -> 0.18473484 | T60: =Model!P223 -> 0.21977143 | U60: =Model!Q223 -> 0.25422053
C61: (+) Multiple change (flat multiple) | E61: ='Driver Assumptions'!E217 -> 0 | G61: ='Driver Assumptions'!F217 -> 0 | J61: =Model!D224 -> 0 | K61: =Model!E224 -> 0.24354448 | L61: =Model!F224 -> 0.22652561 | M61: =Model!G224 -> 0.21071793 | N61: =Model!H224 -> 0.19597325 | O61: =Model!I224 -> 0.18216832 | P61: =Model!L224 -> 0 | Q61: =Model!M224 -> 0.13841754 | R61: =Model!N224 -> 0.17497126 | S61: =Model!O224 -> 0.21071793 | T61: =Model!P224 -> 0.2458235 | U61: =Model!Q224 -> 0.2804098
C62: (+) Debt paydown and cash build | E62: ='Driver Assumptions'!E218 -> 848.45498 | G62: ='Driver Assumptions'!F218 -> 315.22651 | J62: =Model!D225 -> 2 | K62: =Model!E225 -> 0.26835578 | L62: =Model!F225 -> 0.25099736 | M62: =Model!G225 -> 0.23487429 | N62: =Model!H225 -> 0.21983542 | O62: =Model!I225 -> 0.20575505 | P62: =Model!L225 -> 2 | Q62: =Model!M225 -> 0.16258417 | R62: =Model!N225 -> 0.19908912 | S62: =Model!O225 -> 0.23487429 | T62: =Model!P225 -> 0.27008772 | U62: =Model!Q225 -> 0.30483854
C63: (+) Deferred awards, net of fees at entry | E63: ='Driver Assumptions'!E219 -> 19.726949 | G63: ='Driver Assumptions'!F219 -> 19.726949 | J63: =Model!D226 -> 4 | K63: =Model!E226 -> 0.29156737 | L63: =Model!F226 -> 0.27389128 | M63: =Model!G226 -> 0.25747313 | N63: =Model!H226 -> 0.24215905 | O63: =Model!I226 -> 0.227821 | P63: =Model!L226 -> 4 | Q63: =Model!M226 -> 0.18510155 | R63: =Model!N226 -> 0.22161093 | S63: =Model!O226 -> 0.25747313 | T63: =Model!P226 -> 0.29282181 | U63: =Model!Q226 -> 0.32775577
C64: Equity out (exit equity value) | E64: ='Driver Assumptions'!E220 -> 20418.83 | G64: ='Driver Assumptions'!F220 -> 13617.175
C65: MOIC | E65: ='Driver Assumptions'!E222 -> 3.5591278 | G65: ='Driver Assumptions'!F222 -> 2.3735575 | J65: IRR: exit multiple vs. Adj. EBITDA margin | P65: IRR: revenue growth vs. Adj. EBITDA margin
C66: IRR | E66: ='Driver Assumptions'!E221 -> 0.3242314 | G66: ='Driver Assumptions'!F221 -> 0.21071793 | K66: Adj. EBITDA margin shift | Q66: Adj. EBITDA margin shift
J67: Exit vs. entry NTM multiple | K67: =Model!E229 -> -0.04 | L67: =Model!F229 -> -0.02 | M67: =Model!G229 -> 0 | N67: =Model!H229 -> 0.02 | O67: =Model!I229 -> 0.04 | P67: Revenue growth shift (pp) | Q67: =Model!M229 -> -0.04 | R67: =Model!N229 -> -0.02 | S67: =Model!O229 -> 0 | T67: =Model!P229 -> 0.02 | U67: =Model!Q229 -> 0.04
J68: =Model!D230 -> -4 | K68: =Model!E230 -> 0.11646603 | L68: =Model!F230 -> 0.13725111 | M68: =Model!G230 -> 0.15657515 | N68: =Model!H230 -> 0.17502009 | O68: =Model!I230 -> 0.19230077 | P68: =Model!L230 -> -0.04 | Q68: =Model!M230 -> 0.097815698 | R68: =Model!N230 -> 0.11875443 | S68: =Model!O230 -> 0.13841754 | T68: =Model!P230 -> 0.15673994 | U68: =Model!Q230 -> 0.17429109
J69: =Model!D231 -> -2 | K69: =Model!E231 -> 0.14502599 | L69: =Model!F231 -> 0.16557478 | M69: =Model!G231 -> 0.18473484 | N69: =Model!H231 -> 0.20304171 | O69: =Model!I231 -> 0.22023492 | P69: =Model!L231 -> -0.02 | Q69: =Model!M231 -> 0.13515672 | R69: =Model!N231 -> 0.15577446 | S69: =Model!O231 -> 0.17497126 | T69: =Model!P231 -> 0.19310985 | U69: =Model!Q231 -> 0.21051272
J70: =Model!D232 -> 0 | K70: =Model!E232 -> 0.17127797 | L70: =Model!F232 -> 0.191664 | M70: =Model!G232 -> 0.21071793 | N70: =Model!H232 -> 0.22893761 | O70: =Model!I232 -> 0.24608372 | P70: =Model!L232 -> 0 | Q70: =Model!M232 -> 0.17127797 | R70: =Model!N232 -> 0.191664 | S70: =Model!O232 -> 0.21071793 | T70: =Model!P232 -> 0.22893761 | U70: =Model!Q232 -> 0.24608372
J71: =Model!D233 -> 2 | K71: =Model!E233 -> 0.19560828 | L71: =Model!F233 -> 0.21588467 | M71: =Model!G233 -> 0.23487429 | N71: =Model!H233 -> 0.25304368 | O71: =Model!I233 -> 0.27017189 | P71: =Model!L233 -> 0.02 | Q71: =Model!M233 -> 0.20676622 | R71: =Model!N233 -> 0.22685 | S71: =Model!O233 -> 0.2458235 | T71: =Model!P233 -> 0.26399092 | U71: =Model!Q233 -> 0.28113835
J72: =Model!D234 -> 4 | K72: =Model!E234 -> 0.21831082 | L72: =Model!F234 -> 0.23851691 | M72: =Model!G234 -> 0.25747313 | N72: =Model!H234 -> 0.27561961 | O72: =Model!I234 -> 0.29275145 | P72: =Model!L234 -> 0.04 | Q72: =Model!M234 -> 0.24141176 | R72: =Model!N234 -> 0.26144782 | S72: =Model!O234 -> 0.2804098 | T72: =Model!P234 -> 0.29857672 | U72: =Model!Q234 -> 0.31575926
J74: MOIC: entry vs. exit multiple
K75: Entry multiple vs. offer (turns)
J76: Exit vs. entry NTM multiple | K76: =Model!E237 -> -2 | L76: =Model!F237 -> -1 | M76: =Model!G237 -> 0 | N76: =Model!H237 -> 1 | O76: =Model!I237 -> 2
J77: =Model!D238 -> -4 | K77: =Model!E238 -> 2.17822 | L77: =Model!F238 -> 2.046669 | M77: =Model!G238 -> 1.9301028 | N77: =Model!H238 -> 1.826099 | O77: =Model!I238 -> 1.7327306
J78: =Model!D239 -> -2 | K78: =Model!E239 -> 2.4284506 | L78: =Model!F239 -> 2.2817873 | M78: =Model!G239 -> 2.1518301 | N78: =Model!H239 -> 2.0358785 | O78: =Model!I239 -> 1.9317841
J79: =Model!D240 -> 0 | K79: =Model!E240 -> 2.6786813 | L79: =Model!F240 -> 2.5169056 | M79: =Model!G240 -> 2.3735575 | N79: =Model!H240 -> 2.245658 | O79: =Model!I240 -> 2.1308375
J80: =Model!D241 -> 2 | K80: =Model!E241 -> 2.9289119 | L80: =Model!F241 -> 2.7520239 | M80: =Model!G241 -> 2.5952848 | N80: =Model!H241 -> 2.4554375 | O80: =Model!I241 -> 2.329891
J81: =Model!D242 -> 4 | K81: =Model!E242 -> 3.1791426 | L81: =Model!F242 -> 2.9871421 | M81: =Model!G242 -> 2.8170121 | N81: =Model!H242 -> 2.665217 | O81: =Model!I242 -> 2.5289445
I84: Management vs. Outside-in Case
J85: Management | P85: Outside-in
J86: =Model!J54 -> 46387 | K86: =Model!K54 -> 46752 | L86: =Model!L54 -> 47118 | M86: =Model!M54 -> 47483 | N86: =Model!N54 -> 47848 | O86: =Model!O54 -> 48213 | P86: =Model!J54 -> 46387 | Q86: =Model!K54 -> 46752 | R86: =Model!L54 -> 47118 | S86: =Model!M54 -> 47483 | T86: =Model!N54 -> 47848 | U86: =Model!O54 -> 48213
I87: Revenue | J87: ='Driver Assumptions'!E117 -> 941.76153 | K87: ='Driver Assumptions'!E118 -> 1102.0614 | L87: ='Driver Assumptions'!E119 -> 1300.4324 | M87: ='Driver Assumptions'!E120 -> 1533.8691 | N87: ='Driver Assumptions'!E121 -> 1810.3863 | O87: ='Driver Assumptions'!E122 -> 2100.0481 | P87: ='Driver Assumptions'!F117 -> 936.446 | Q87: ='Driver Assumptions'!F118 -> 1063.9841 | R87: ='Driver Assumptions'!F119 -> 1198.2522 | S87: ='Driver Assumptions'!F120 -> 1337.4815 | T87: ='Driver Assumptions'!F121 -> 1479.5137 | U87: ='Driver Assumptions'!F122 -> 1627.465
I88: % Growth | J88: ='Driver Assumptions'!E123 -> 0.28767123 | K88: ='Driver Assumptions'!E124 -> 0.17021277 | L88: ='Driver Assumptions'!E125 -> 0.18 | M88: ='Driver Assumptions'!E126 -> 0.17950693 | N88: ='Driver Assumptions'!E127 -> 0.18027433 | O88: ='Driver Assumptions'!E128 -> 0.16 | P88: ='Driver Assumptions'!F123 -> 0.28040329 | Q88: ='Driver Assumptions'!F124 -> 0.13619371 | R88: ='Driver Assumptions'!F125 -> 0.12619371 | S88: ='Driver Assumptions'!F126 -> 0.11619371 | T88: ='Driver Assumptions'!F127 -> 0.10619371 | U88: ='Driver Assumptions'!F128 -> 0.1
I89: Adj. EBITDA (pre-SBC) | J89: ='Driver Assumptions'!E129 -> 338.6334 | K89: ='Driver Assumptions'!E130 -> 418.78332 | L89: ='Driver Assumptions'!E131 -> 518.97072 | M89: ='Driver Assumptions'!E132 -> 635.1881 | N89: ='Driver Assumptions'!E133 -> 764.42984 | O89: ='Driver Assumptions'!E134 -> 896.72053 | P89: ='Driver Assumptions'!F129 -> 334.718 | Q89: ='Driver Assumptions'!F130 -> 395.47459 | R89: ='Driver Assumptions'!F131 -> 453.01666 | S89: ='Driver Assumptions'!F132 -> 514.17724 | T89: ='Driver Assumptions'!F133 -> 573.49361 | U89: ='Driver Assumptions'!F134 -> 636.02835
I90: % Margin | J90: ='Driver Assumptions'!E135 -> 0.35957447 | K90: ='Driver Assumptions'!E136 -> 0.38 | L90: ='Driver Assumptions'!E137 -> 0.3990755 | M90: ='Driver Assumptions'!E138 -> 0.41410843 | N90: ='Driver Assumptions'!E139 -> 0.42224682 | O90: ='Driver Assumptions'!E140 -> 0.427 | P90: ='Driver Assumptions'!F135 -> 0.35743438 | Q90: ='Driver Assumptions'!F136 -> 0.37169221 | R90: ='Driver Assumptions'!F137 -> 0.37806455 | S90: ='Driver Assumptions'!F138 -> 0.38443689 | T90: ='Driver Assumptions'!F139 -> 0.38762306 | U90: ='Driver Assumptions'!F140 -> 0.39080923
I91: FCF after tax and capex, pre-interest (FY2026E from close) | J91: ='Driver Assumptions'!E141 -> 92.929947 | K91: ='Driver Assumptions'!E142 -> 260.09338 | L91: ='Driver Assumptions'!E143 -> 352.94338 | M91: ='Driver Assumptions'!E144 -> 460.59154 | N91: ='Driver Assumptions'!E145 -> 579.98473 | O91: ='Driver Assumptions'!E146 -> 702.02363 | P91: ='Driver Assumptions'!F141 -> 89.170614 | Q91: ='Driver Assumptions'!F142 -> 227.10955 | R91: ='Driver Assumptions'!F143 -> 270.92516 | S91: ='Driver Assumptions'!F144 -> 318.25226 | T91: ='Driver Assumptions'!F145 -> 363.96907 | U91: ='Driver Assumptions'!F146 -> 412.67992
I94: Debt Schedule: Credit Statistics by Case
J95: Management | P95: Outside-in
J96: =Model!J54 -> 46387 | K96: =Model!K54 -> 46752 | L96: =Model!L54 -> 47118 | M96: =Model!M54 -> 47483 | N96: =Model!N54 -> 47848 | O96: =Model!O54 -> 48213 | P96: =Model!J54 -> 46387 | Q96: =Model!K54 -> 46752 | R96: =Model!L54 -> 47118 | S96: =Model!M54 -> 47483 | T96: =Model!N54 -> 47848 | U96: =Model!O54 -> 48213
I97: Total debt (incl. PIK) | J97: ='Driver Assumptions'!E147 -> 2735.1798 | K97: ='Driver Assumptions'!E148 -> 2690.7361 | L97: ='Driver Assumptions'!E149 -> 2547.8225 | M97: ='Driver Assumptions'!E150 -> 2272.9229 | N97: ='Driver Assumptions'!E151 -> 1851.545 | O97: ='Driver Assumptions'!E152 -> 1269.0787 | P97: ='Driver Assumptions'!F147 -> 2735.1798 | Q97: ='Driver Assumptions'!F148 -> 2729.1722 | R97: ='Driver Assumptions'!F149 -> 2674.8118 | S97: ='Driver Assumptions'!F150 -> 2558.2923 | T97: ='Driver Assumptions'!F151 -> 2384.7735 | U97: ='Driver Assumptions'!F152 -> 2146.5261
I98: Cash | J98: ='Driver Assumptions'!E153 -> 86.551291 | K98: ='Driver Assumptions'!E154 -> 75 | L98: ='Driver Assumptions'!E155 -> 75 | M98: ='Driver Assumptions'!E156 -> 75 | N98: ='Driver Assumptions'!E157 -> 75 | O98: ='Driver Assumptions'!E158 -> 75.000007 | P98: ='Driver Assumptions'!F153 -> 82.757284 | Q98: ='Driver Assumptions'!F154 -> 75 | R98: ='Driver Assumptions'!F155 -> 75 | S98: ='Driver Assumptions'!F156 -> 75 | T98: ='Driver Assumptions'!F157 -> 75 | U98: ='Driver Assumptions'!F158 -> 75
I99: Net debt | J99: ='Driver Assumptions'!E159 -> 2648.6285 | K99: ='Driver Assumptions'!E160 -> 2615.7361 | L99: ='Driver Assumptions'!E161 -> 2472.8225 | M99: ='Driver Assumptions'!E162 -> 2197.9229 | N99: ='Driver Assumptions'!E163 -> 1776.545 | O99: ='Driver Assumptions'!E164 -> 1194.0787 | P99: ='Driver Assumptions'!F159 -> 2652.4225 | Q99: ='Driver Assumptions'!F160 -> 2654.1722 | R99: ='Driver Assumptions'!F161 -> 2599.8118 | S99: ='Driver Assumptions'!F162 -> 2483.2923 | T99: ='Driver Assumptions'!F163 -> 2309.7735 | U99: ='Driver Assumptions'!F164 -> 2071.5261
I100: Total debt / Adj. EBITDA (gross leverage) | J100: ='Driver Assumptions'!E165 -> 8.0771115 | K100: ='Driver Assumptions'!E166 -> 6.4251273 | L100: ='Driver Assumptions'!E167 -> 4.9093762 | M100: ='Driver Assumptions'!E168 -> 3.5783462 | N100: ='Driver Assumptions'!E169 -> 2.4221255 | O100: ='Driver Assumptions'!E170 -> 1.4152443 | P100: ='Driver Assumptions'!F165 -> 8.1715945 | Q100: ='Driver Assumptions'!F166 -> 6.9010053 | R100: ='Driver Assumptions'!F167 -> 5.9044446 | S100: ='Driver Assumptions'!F168 -> 4.9755067 | T100: ='Driver Assumptions'!F169 -> 4.1583262 | U100: ='Driver Assumptions'!F170 -> 3.3748906
I101: Net debt / Adj. EBITDA (net leverage) | J101: ='Driver Assumptions'!E171 -> 7.8215216 | K101: ='Driver Assumptions'!E172 -> 6.2460371 | L101: ='Driver Assumptions'!E173 -> 4.7648594 | M101: ='Driver Assumptions'!E174 -> 3.460271 | N101: ='Driver Assumptions'!E175 -> 2.3240132 | O101: ='Driver Assumptions'!E176 -> 1.3316062 | P101: ='Driver Assumptions'!F171 -> 7.9243497 | Q101: ='Driver Assumptions'!F172 -> 6.7113597 | R101: ='Driver Assumptions'!F173 -> 5.7388878 | S101: ='Driver Assumptions'!F174 -> 4.8296426 | T101: ='Driver Assumptions'!F175 -> 4.0275488 | U101: ='Driver Assumptions'!F176 -> 3.2569713
I102: Adj. EBITDA / cash interest (coverage) | J102: ='Driver Assumptions'!E177 -> 2.1163104 | K102: ='Driver Assumptions'!E178 -> 2.5814413 | L102: ='Driver Assumptions'!E179 -> 2.8422256 | M102: ='Driver Assumptions'!E180 -> 3.3725698 | N102: ='Driver Assumptions'!E181 -> 4.7405237 | O102: ='Driver Assumptions'!E182 -> 7.3378526 | P102: ='Driver Assumptions'!F177 -> 2.0918408 | Q102: ='Driver Assumptions'!F178 -> 2.4211846 | R102: ='Driver Assumptions'!F179 -> 2.4073823 | S102: ='Driver Assumptions'!F180 -> 2.5157873 | T102: ='Driver Assumptions'!F181 -> 2.9699651 | U102: ='Driver Assumptions'!F182 -> 3.591756
I105: Returns Build by Exit Year: NTM Basis, Flat Multiple
J106: Management | P106: Outside-in
J107: =Model!K54 -> 46752 | K107: =Model!L54 -> 47118 | L107: =Model!M54 -> 47483 | M107: =Model!N54 -> 47848 | P107: =Model!K54 -> 46752 | Q107: =Model!L54 -> 47118 | R107: =Model!M54 -> 47483 | S107: =Model!N54 -> 47848
I108: Exit NTM multiple (= entry) | J108: ='Driver Assumptions'!E183 -> 24.751719 | K108: ='Driver Assumptions'!E184 -> 24.751719 | L108: ='Driver Assumptions'!E185 -> 24.751719 | M108: ='Driver Assumptions'!E186 -> 24.751719 | P108: ='Driver Assumptions'!F183 -> 25.041256 | Q108: ='Driver Assumptions'!F184 -> 25.041256 | R108: ='Driver Assumptions'!F185 -> 25.041256 | S108: ='Driver Assumptions'!F186 -> 25.041256
I109: NTM Adj. EBITDA (pre-SBC) | J109: ='Driver Assumptions'!E187 -> 518.97072 | K109: ='Driver Assumptions'!E188 -> 635.1881 | L109: ='Driver Assumptions'!E189 -> 764.42984 | M109: ='Driver Assumptions'!E190 -> 896.72053 | P109: ='Driver Assumptions'!F187 -> 453.01666 | Q109: ='Driver Assumptions'!F188 -> 514.17724 | R109: ='Driver Assumptions'!F189 -> 573.49361 | S109: ='Driver Assumptions'!F190 -> 636.02835
I110: Exit enterprise value | J110: ='Driver Assumptions'!E191 -> 12845.418 | K110: ='Driver Assumptions'!E192 -> 15721.998 | L110: ='Driver Assumptions'!E193 -> 18920.953 | M110: ='Driver Assumptions'!E194 -> 22195.375 | P110: ='Driver Assumptions'!F191 -> 11344.106 | Q110: ='Driver Assumptions'!F192 -> 12875.644 | R110: ='Driver Assumptions'!F193 -> 14361 | S110: ='Driver Assumptions'!F194 -> 15926.949
I111: (–) Net debt at exit | J111: ='Driver Assumptions'!E195 -> -2615.7361 | K111: ='Driver Assumptions'!E196 -> -2472.8225 | L111: ='Driver Assumptions'!E197 -> -2197.9229 | M111: ='Driver Assumptions'!E198 -> -1776.545 | P111: ='Driver Assumptions'!F195 -> -2654.1722 | Q111: ='Driver Assumptions'!F196 -> -2599.8118 | R111: ='Driver Assumptions'!F197 -> -2483.2923 | S111: ='Driver Assumptions'!F198 -> -2309.7735
I112: Exit equity value | J112: ='Driver Assumptions'!E199 -> 10156.293 | K112: ='Driver Assumptions'!E200 -> 13225.344 | L112: ='Driver Assumptions'!E201 -> 16723.03 | M112: ='Driver Assumptions'!E202 -> 20418.83 | P112: ='Driver Assumptions'!F199 -> 8616.5452 | Q112: ='Driver Assumptions'!F200 -> 10252.001 | R112: ='Driver Assumptions'!F201 -> 11877.708 | S112: ='Driver Assumptions'!F202 -> 13617.175
...

Sheet Sensitivity Output
C2: Clearwater Analytics (CWAN) Take-Private: Sensitivity Output
C3: ($ in millions, except per share); FY2030 exit; Outside-in case unless stated
C5: Driver Ranking: FY2030 IRR, One Input at a Time | K5: Scenario Summary: FY2030
L6: Revenue | M6: Adj. EBITDA | N6: Debt / EBITDA | O6: EBITDA / int. | P6: IRR | Q6: MOIC | R6: Price @ 20%
K7: Base (Outside-in) | L7: =Sensitivities!E89 -> 1479.5137 | M7: =Sensitivities!F89 -> 573.49361 | N7: =Sensitivities!G89 -> 4.1583262 | O7: =Sensitivities!H89 -> 2.9699651 | P7: =Sensitivities!I89 -> 0.21071793 | Q7: =Sensitivities!J89 -> 2.3735575 | R7: =Sensitivities!K89 -> 25.328291
K8: Management | L8: =Sensitivities!E90 -> 1810.3863 | M8: =Sensitivities!F90 -> 764.42984 | N8: =Sensitivities!G90 -> 2.4221255 | O8: =Sensitivities!H90 -> 4.7405237 | P8: =Sensitivities!I90 -> 0.3242314 | Q8: =Sensitivities!J90 -> 3.5591278 | R8: =Sensitivities!K90 -> 35.087799
K9: Upside | L9: =Sensitivities!E91 -> 1682.878 | M9: =Sensitivities!F91 -> 677.5655 | N9: =Sensitivities!G91 -> 3.0658047 | O9: =Sensitivities!H91 -> 3.9028336 | P9: =Sensitivities!I91 -> 0.25675065 | Q9: =Sensitivities!J91 -> 2.8097029 | R9: =Sensitivities!K91 -> 28.9186
K10: Downside | L10: =Sensitivities!E92 -> 1296.2904 | M10: =Sensitivities!F92 -> 483.02769 | N10: =Sensitivities!G92 -> 5.4936247 | O10: =Sensitivities!H92 -> 2.2983909 | P10: =Sensitivities!I92 -> 0.16343494 | Q10: =Sensitivities!J92 -> 1.9823956 | R10: =Sensitivities!K92 -> 22.108281
K12: Breakevens: FY2030 Exit
L13: Outside-in | O13: Management
L14: Base | M14: =Sensitivities!E129 -> @ 20.0% IRR | N14: =Sensitivities!F129 -> @ 2.0x MOIC | O14: Base | P14: =Sensitivities!H129 -> @ 20.0% IRR | Q14: =Sensitivities!I129 -> @ 2.0x MOIC
K15: Exit NTM multiple (x) | L15: =IF(Sensitivities!D130="","",Sensitivities!D130) -> 25.041256 | M15: =IF(Sensitivities!E130="","",Sensitivities!E130) -> 24.197727 | N15: =IF(Sensitivities!F130="","",Sensitivities!F130) -> 21.671734 | O15: =IF(Sensitivities!G130="","",Sensitivities!G130) -> 24.751719 | P15: =IF(Sensitivities!H130="","",Sensitivities!H130) -> 16.568386 | Q15: =IF(Sensitivities!I130="","",Sensitivities!I130) -> 14.776743
K16: Revenue growth shift (pp, all years) | L16: =IF(Sensitivities!D132="","",Sensitivities!D132) | M16: =IF(Sensitivities!E132="","",Sensitivities!E132) -> -0.60359603 | N16: =IF(Sensitivities!F132="","",Sensitivities!F132) -> -2.5107718 | O16: =IF(Sensitivities!G132="","",Sensitivities!G132) | P16: =IF(Sensitivities!H132="","",Sensitivities!H132) -> -7.0948703 | Q16: =IF(Sensitivities!I132="","",Sensitivities!I132) -> -8.9828366
K17: FY2027-30E avg. revenue growth | L17: =IF(Sensitivities!D133="","",Sensitivities!D133) -> 0.12119371 | M17: =IF(Sensitivities!E133="","",Sensitivities!E133) -> 0.11515775 | N17: =IF(Sensitivities!F133="","",Sensitivities!F133) -> 0.096085996 | O17: =IF(Sensitivities!G133="","",Sensitivities!G133) -> 0.17749851 | P17: =IF(Sensitivities!H133="","",Sensitivities!H133) -> 0.1065498 | Q17: =IF(Sensitivities!I133="","",Sensitivities!I133) -> 0.087670142
K18: Adj. EBITDA margin shift (pp, all years) | L18: =IF(Sensitivities!D134="","",Sensitivities!D134) | M18: =IF(Sensitivities!E134="","",Sensitivities!E134) -> -1.138423 | N18: =IF(Sensitivities!F134="","",Sensitivities!F134) -> -4.5300107 | O18: =IF(Sensitivities!G134="","",Sensitivities!G134) | P18: =IF(Sensitivities!H134="","",Sensitivities!H134) -> -12.398014 | Q18: =IF(Sensitivities!I134="","",Sensitivities!I134) -> -15.120994
K19: FY2030E Adj. EBITDA margin | L19: =IF(Sensitivities!D135="","",Sensitivities!D135) -> 0.38762306 | M19: =IF(Sensitivities!E135="","",Sensitivities!E135) -> 0.37623883 | N19: =IF(Sensitivities!F135="","",Sensitivities!F135) -> 0.34232295 | O19: =IF(Sensitivities!G135="","",Sensitivities!G135) -> 0.42224682 | P19: =IF(Sensitivities!H135="","",Sensitivities!H135) -> 0.29826668 | Q19: =IF(Sensitivities!I135="","",Sensitivities!I135) -> 0.27103688
C22: IRR: Entry Price per Share vs. Exit Multiple | K22: IRR: Revenue Growth vs. Adj. EBITDA Margin Shift
D23: Exit NTM | E23: Entry price per share ($) | L23: Growth shift | M23: Adj. EBITDA margin shift
E24: =Sensitivities!F31 -> 22 | F24: =Sensitivities!G31 -> 23.25 | G24: =Sensitivities!H31 -> 24.55 | H24: =Sensitivities!I31 -> 25.75 | I24: =Sensitivities!J31 -> 27 | M24: =Sensitivities!F49 -> -4 | N24: =Sensitivities!G49 -> -2 | O24: =Sensitivities!H49 -> 0 | P24: =Sensitivities!I49 -> 2 | Q24: =Sensitivities!J49 -> 4
D25: =Sensitivities!D32 -> 23.041256 | E25: =Sensitivities!F32 -> 0.22364807 | F25: =Sensitivities!G32 -> 0.20370542 | G25: =Sensitivities!H32 -> 0.18473484 | H25: =Sensitivities!I32 -> 0.1685966 | I25: =Sensitivities!J32 -> 0.15299968 | L25: =Sensitivities!E50 -> -4 | M25: =Sensitivities!F50 -> 0.097815698 | N25: =Sensitivities!G50 -> 0.11875443 | O25: =Sensitivities!H50 -> 0.13841754 | P25: =Sensitivities!I50 -> 0.15673994 | Q25: =Sensitivities!J50 -> 0.17429109
D26: =Sensitivities!D33 -> 24.041256 | E26: =Sensitivities!F33 -> 0.23732244 | F26: =Sensitivities!G33 -> 0.21715694 | G26: =Sensitivities!H33 -> 0.19797435 | H26: =Sensitivities!I33 -> 0.18165577 | I26: =Sensitivities!J33 -> 0.16588456 | L26: =Sensitivities!E51 -> -2 | M26: =Sensitivities!F51 -> 0.13515672 | N26: =Sensitivities!G51 -> 0.15577446 | O26: =Sensitivities!H51 -> 0.17497126 | P26: =Sensitivities!I51 -> 0.19310985 | Q26: =Sensitivities!J51 -> 0.21051272
D27: =Sensitivities!D34 -> 25.041256 | E27: =Sensitivities!F34 -> 0.25048459 | F27: =Sensitivities!G34 -> 0.23010457 | G27: =Sensitivities!H34 -> 0.21071793 | H27: =Sensitivities!I34 -> 0.19422576 | I27: =Sensitivities!J34 -> 0.17828677 | L27: =Sensitivities!E52 -> 0 | M27: =Sensitivities!F52 -> 0.17127797 | N27: =Sensitivities!G52 -> 0.191664 | O27: =Sensitivities!H52 -> 0.21071793 | P27: =Sensitivities!I52 -> 0.22893761 | Q27: =Sensitivities!J52 -> 0.24608372
D28: =Sensitivities!D35 -> 26.041256 | E28: =Sensitivities!F35 -> 0.26317633 | F28: =Sensitivities!G35 -> 0.24258946 | G28: =Sensitivities!H35 -> 0.22300605 | H28: =Sensitivities!I35 -> 0.20634649 | I28: =Sensitivities!J35 -> 0.19024574 | L28: =Sensitivities!E53 -> 2 | M28: =Sensitivities!F53 -> 0.20676622 | N28: =Sensitivities!G53 -> 0.22685 | O28: =Sensitivities!H53 -> 0.2458235 | P28: =Sensitivities!I53 -> 0.26399092 | Q28: =Sensitivities!J53 -> 0.28113835
D29: =Sensitivities!D36 -> 27.041256 | E29: =Sensitivities!F36 -> 0.27543437 | F29: =Sensitivities!G36 -> 0.25464773 | G29: =Sensitivities!H36 -> 0.23487429 | H29: =Sensitivities!I36 -> 0.21805305 | I29: =Sensitivities!J36 -> 0.20179606 | L29: =Sensitivities!E54 -> 4 | M29: =Sensitivities!F54 -> 0.24141176 | N29: =Sensitivities!G54 -> 0.26144782 | O29: =Sensitivities!H54 -> 0.2804098 | P29: =Sensitivities!I54 -> 0.29857672 | Q29: =Sensitivities!J54 -> 0.31575926
C31: Source: CWAN LBO model (Compound); Sensitivities tab. Grids are live Excel data tables; breakevens interpolate data-table grids (growth, margin) or solve the exit equity value (multiple).

Sheet Sensitivities
C2: Clearwater Analytics (CWAN) Take-Private: Sensitivity and Scenario Analysis
C3: ($ in millions, except per share); returns at the FY2030 exit unless stated
C5: Sensitivity Inputs
D6: Tornado # | E6: Input | F6: Live
C7: Entry price per share ($) | D7: 4 | E7: 24.55 | F7: {=IF(AND($E$21=$D7,$D7>0),IF($E$22=1,INDEX($D$59:$D$69,$D7),INDEX($E$59:$E$69,$D7)),E7)} -> 24.55
C8: Exit multiple vs. entry NTM (turns) | D8: 3 | E8: 0 | F8: {=IF(AND($E$21=$D8,$D8>0),IF($E$22=1,INDEX($D$59:$D$69,$D8),INDEX($E$59:$E$69,$D8)),E8)} -> 0
C9: Exit year | E9: 47848 | F9: =E9 -> 47848
C10: Opening term loan vs. committed (x LTM Adj. EBITDA) | E10: 0 | F10: =E10 -> 0
C11: Revenue growth shift (pp, all years) | D11: 1 | E11: 0 | F11: {=IF(AND($E$21=$D11,$D11>0),IF($E$22=1,INDEX($D$59:$D$69,$D11),INDEX($E$59:$E$69,$D11)),E11)} -> 0
C12: Adj. EBITDA margin shift (pp, all years) | D12: 2 | E12: 0 | F12: {=IF(AND($E$21=$D12,$D12>0),IF($E$22=1,INDEX($D$59:$D$69,$D12),INDEX($E$59:$E$69,$D12)),E12)} -> 0
C13: SBC treated as cash (%) | D13: 5 | E13: 1 | F13: {=IF(AND($E$21=$D13,$D13>0),IF($E$22=1,INDEX($D$59:$D$69,$D13),INDEX($E$59:$E$69,$D13)),E13)} -> 1
C14: Term SOFR shift (bps) | D14: 6 | E14: 0 | F14: {=IF(AND($E$21=$D14,$D14>0),IF($E$22=1,INDEX($D$59:$D$69,$D14),INDEX($E$59:$E$69,$D14)),E14)} -> 0
C15: PIK election (1 = on) | D15: 7 | E15: =Model!I23 -> 1 | F15: {=IF(AND($E$21=$D15,$D15>0),IF($E$22=1,INDEX($D$59:$D$69,$D15),INDEX($E$59:$E$69,$D15)),E15)} -> 1
C16: Capex shift (pp of revenue) | D16: 8 | E16: 0 | F16: {=IF(AND($E$21=$D16,$D16>0),IF($E$22=1,INDEX($D$59:$D$69,$D16),INDEX($E$59:$E$69,$D16)),E16)} -> 0
C17: NWC investment shift (pp of revenue) | D17: 9 | E17: 0 | F17: {=IF(AND($E$21=$D17,$D17>0),IF($E$22=1,INDEX($D$59:$D$69,$D17),INDEX($E$59:$E$69,$D17)),E17)} -> 0
C18: Company merger costs ($m) | D18: 10 | E18: =Model!I4 -> 124.14263 | F18: {=IF(AND($E$21=$D18,$D18>0),IF($E$22=1,INDEX($D$59:$D$69,$D18),INDEX($E$59:$E$69,$D18)),E18)} -> 124.14263
C19: Minimum cash ($m) | D19: 11 | E19: =Model!I6 -> 75 | F19: {=IF(AND($E$21=$D19,$D19>0),IF($E$22=1,INDEX($D$59:$D$69,$D19),INDEX($E$59:$E$69,$D19)),E19)} -> 75
C20: Case override (0 = case toggle) | E20: 0 | F20: =E20 -> 0
C21: Tornado driver run (0 = off) | E21: 0 | F21: =E21 -> 0
C22: Tornado end (1 = low, 2 = high) | E22: 1 | F22: =E22 -> 1
C24: Tie-out to LBO Model (Outside-in, FY2030 Exit)
E25: This file | F25: LBO model | G25: Difference
C26: IRR | E26: =Model!I204 -> 0.21071793 | F26: 0.21071793 | G26: =E26-F26 -> 0
C27: MOIC | E27: =Model!I205 -> 2.3735575 | F27: 2.3735575 | G27: =E27-F27 -> 0
C29: IRR: Entry Price per Share vs. Exit Multiple
E30: Exit vs. entry | F30: Entry price per share ($)
D31: Exit NTM (x) | E31: =Model!I204 -> 0.21071793 | F31: 22 | G31: 23.25 | H31: 24.55 | I31: 25.75 | J31: 27
D32: =Model!$U$25+Model!$E$8+E32 -> 23.041256 | E32: -2 | F32: 0.22364807 | G32: 0.20370542 | H32: 0.18473484 | I32: 0.1685966 | J32: 0.15299968
D33: =Model!$U$25+Model!$E$8+E33 -> 24.041256 | E33: -1 | F33: 0.23732244 | G33: 0.21715694 | H33: 0.19797435 | I33: 0.18165577 | J33: 0.16588456
D34: =Model!$U$25+Model!$E$8+E34 -> 25.041256 | E34: 0 | F34: 0.25048459 | G34: 0.23010457 | H34: 0.21071793 | I34: 0.19422576 | J34: 0.17828677
D35: =Model!$U$25+Model!$E$8+E35 -> 26.041256 | E35: 1 | F35: 0.26317633 | G35: 0.24258946 | H35: 0.22300605 | I35: 0.20634649 | J35: 0.19024574
D36: =Model!$U$25+Model!$E$8+E36 -> 27.041256 | E36: 2 | F36: 0.27543437 | G36: 0.25464773 | H36: 0.23487429 | I36: 0.21805305 | J36: 0.20179606
C38: MOIC: Exit Year vs. Opening Leverage
E39: Leverage shift | F39: Exit year
D40: Debt / LTM (x) | E40: =Model!I205 -> 2.3735575 | F40: 46752 | G40: 47118 | H40: 47483 | I40: 47848
D41: =Model!$E$17/Model!$U$20+E41 -> 8.6241245 | E41: -1 | F41: 1.4872179 | G41: 1.7636921 | H41: 2.0388335 | I41: 2.3332801
D42: =Model!$E$17/Model!$U$20+E42 -> 9.1241245 | E42: -0.5 | F42: 1.4950371 | G42: 1.7757614 | H42: 2.0549774 | I42: 2.353759
D43: =Model!$E$17/Model!$U$20+E43 -> 9.6241245 | E43: 0 | F43: 1.5019169 | G43: 1.7869869 | H43: 2.0703576 | I43: 2.3735575
D44: =Model!$E$17/Model!$U$20+E44 -> 10.124124 | E44: 0.5 | F44: 1.5104109 | G44: 1.8000694 | H44: 2.0879046 | I44: 2.3958539
D45: =Model!$E$17/Model!$U$20+E45 -> 10.624124 | E45: 1 | F45: 1.5193278 | G45: 1.8123581 | H45: 2.1047649 | I45: 2.4175757
C47: IRR: Revenue Growth vs. Adj. EBITDA Margin Shift
E48: Growth shift | F48: Adj. EBITDA margin shift
D49: FY27-30E growth | E49: =Model!I204 -> 0.21071793 | F49: -4 | G49: -2 | H49: 0 | I49: 2 | J49: 4
D50: =AVERAGE('Driver Assumptions'!$G$8:$J$8)+Model!$E$13+E50/100 -> 0.081193715 | E50: -4 | F50: 0.097815698 | G50: 0.11875443 | H50: 0.13841754 | I50: 0.15673994 | J50: 0.17429109
D51: =AVERAGE('Driver Assumptions'!$G$8:$J$8)+Model!$E$13+E51/100 -> 0.10119371 | E51: -2 | F51: 0.13515672 | G51: 0.15577446 | H51: 0.17497126 | I51: 0.19310985 | J51: 0.21051272
D52: =AVERAGE('Driver Assumptions'!$G$8:$J$8)+Model!$E$13+E52/100 -> 0.12119371 | E52: 0 | F52: 0.17127797 | G52: 0.191664 | H52: 0.21071793 | I52: 0.22893761 | J52: 0.24608372
D53: =AVERAGE('Driver Assumptions'!$G$8:$J$8)+Model!$E$13+E53/100 -> 0.14119371 | E53: 2 | F53: 0.20676622 | G53: 0.22685 | H53: 0.2458235 | I53: 0.26399092 | J53: 0.28113835
D54: =AVERAGE('Driver Assumptions'!$G$8:$J$8)+Model!$E$13+E54/100 -> 0.16119371 | E54: 4 | F54: 0.24141176 | G54: 0.26144782 | H54: 0.2804098 | I54: 0.29857672 | J54: 0.31575926
C55: FY2030E Adj. EBITDA margin | F55: ='Driver Assumptions'!$J$14+Model!$I$13+F49/100 -> 0.34762306 | G55: ='Driver Assumptions'!$J$14+Model!$I$13+G49/100 -> 0.36762306 | H55: ='Driver Assumptions'!$J$14+Model!$I$13+H49/100 -> 0.38762306 | I55: ='Driver Assumptions'!$J$14+Model!$I$13+I49/100 -> 0.40762306 | J55: ='Driver Assumptions'!$J$14+Model!$I$13+J49/100 -> 0.42762306
C56: Driver Ranking: FY2030 IRR, One Input at a Time
C57: Driver | D57: Low | E57: High | G57: IRR at | I57: Swing | Q57: Basis for range
F58: =Model!I204 -> 0.21071793 | G58: 1 | H58: 2 | X58: Sort key | Y58: Format | Z58: Chart label
C59: Organic revenue growth (pp, all years) | D59: -2 | E59: 2 | F59: 1 | G59: 0.17497126 | H59: 0.2458235 | I59: =ABS(H59-G59) -> 0.070852232 | Q59: +/-2pp: about a third of new-logo growth (14.6% base less ~9pp from 109% NRR) | X59: =I59+F59/1000000000 -> 0.070852233 | Y59: +0.0"pp";(0.0"pp");0.0"pp" | Z59: Revenue growth ±2pp
C60: Adj. EBITDA margin (pp, all years) | D60: -2 | E60: 2 | F60: 2 | G60: 0.191664 | H60: 0.22893761 | I60: =ABS(H60-G60) -> 0.03727361 | Q60: +/-2pp: about 1.5 years of the FY21-25 average expansion (1.27pp a year) | X60: =I60+F60/1000000000 -> 0.037273612 | Y60: +0.0"pp";(0.0"pp");0.0"pp" | Z60: EBITDA margin ±2pp
C61: Exit multiple vs. entry (turns) | D61: -2 | E61: 2 | F61: 3 | G61: 0.18473484 | H61: 0.23487429 | I61: =ABS(H61-G61) -> 0.050139451 | Q61: +/-2.0x (about 8%) around the 25.0x flat entry NTM multiple | X61: =I61+F61/1000000000 -> 0.050139454 | Y61: +0.0"x";(0.0"x");0.0"x" | Z61: Exit multiple ±2.0x
C62: Entry price per share ($) | D62: 23.55 | E62: 25.55 | F62: 4 | G62: 0.22547768 | H62: 0.19688905 | I62: =ABS(H62-G62) -> 0.028588629 | Q62: +/-$1.00 (about 4%) around the $24.55 offer | X62: =I62+F62/1000000000 -> 0.028588633 | Y62: "$"0.00 | Z62: Entry price ±$1.00
C63: SBC treated as cash (%) | D63: 0.5 | E63: 1 | F63: 5 | G63: 0.21787521 | H63: 0.21071793 | I63: =ABS(H63-G63) -> 0.0071572781 | Q63: Base treats all GAAP SBC as cash, deferred award payout included; at 50%, payout above half of SBC stays a cash cost | X63: =I63+F63/1000000000 -> 0.0071572831 | Y63: 0% | Z63: SBC as cash 50% / 100%
C64: Term SOFR (bps vs. 3.53% flat) | D64: -100 | E64: 100 | F64: 6 | G64: 0.2133756 | H64: 0.20789972 | I64: =ABS(H64-G64) -> 0.0054758787 | Q64: +/-100bps around Term SOFR held flat; the 0.50% floor does not bind | X64: =I64+F64/1000000000 -> 0.0054758847 | Y64: +0"bps";(0"bps");0"bps" | Z64: SOFR ±100bps
C65: PIK election | D65: 0 | E65: 1 | F65: 7 | G65: 0.2110804 | H65: 0.21071793 | I65: =ABS(H65-G65) -> 0.00036246777 | Q65: Term-sheet option: all-cash margin vs. 50% of margin in kind to Jun-28 | X65: =I65+F65/1000000000 -> 0.00036247477 | Y65: "On";"On";"Off" | Z65: PIK off / on
C66: Capex (pp of revenue) | D66: -0.5 | E66: 0.9 | F66: 8 | G66: 0.21133117 | H66: 0.20961134 | I66: =ABS(H66-G66) -> 0.0017198324 | Q66: FY21-25 capex ran 1.2%-2.6% of revenue vs. the 1.7% base | X66: =I66+F66/1000000000 -> 0.0017198404 | Y66: +0.0"pp";(0.0"pp");0.0"pp" | Z66: Capex (0.5pp) / +0.9pp
C67: NWC investment (pp of revenue) | D67: -0.7 | E67: 0.7 | F67: 9 | G67: 0.21162017 | H67: 0.20981331 | I67: =ABS(H67-G67) -> 0.0018068552 | Q67: Low is management's 2.0%; high mirrors it at 3.4% vs. the 2.7% record | X67: =I67+F67/1000000000 -> 0.0018068642 | Y67: +0.0"pp";(0.0"pp");0.0"pp" | Z67: NWC ±0.7pp
C68: Company merger costs ($m) | D68: 100 | E68: 150 | F68: 10 | G68: 0.21184791 | H68: 0.20951412 | I68: =ABS(H68-G68) -> 0.0023337841 | Q68: $100m-$150m around the $124.1m proxy estimate (DEFM14A p. 115); range is an assumption | X68: =I68+F68/1000000000 -> 0.0023337941 | Y68: "$"#,##0 | Z68: Merger costs $100m / $150m
C69: Minimum cash ($m) | D69: 50 | E69: 150 | F69: 11 | G69: 0.21130159 | H69: 0.20899127 | I69: =ABS(H69-G69) -> 0.0023103237 | Q69: $50m-$150m around the $81.5m Mar-26 cash balance | X69: =I69+F69/1000000000 -> 0.0023103347 | Y69: "$"#,##0 | Z69: Minimum cash $50m / $150m
C71: Tornado: Drivers Ranked by IRR Swing
C72: Driver | D72: Low | E72: High | F72: IRR, low | G72: IRR, high | H72: Swing | I72: Low vs. base | J72: High vs. base
C73: {=INDEX($C$59:$C$69,$X73)} -> Organic revenue growth (pp, all years) | D73: =TEXT(INDEX($D$59:$D$69,$X73),INDEX($Y$59:$Y$69,$X73)) -> (2.0pp) | E73: =TEXT(INDEX($E$59:$E$69,$X73),INDEX($Y$59:$Y$69,$X73)) -> +2.0pp | F73: {=INDEX($G$59:$G$69,$X73)} -> 0.17497126 | G73: {=INDEX($H$59:$H$69,$X73)} -> 0.2458235 | H73: {=INDEX($I$59:$I$69,$X73)} -> 0.072839737 | I73: =F73-$F$58 -> -0.03574667 | J73: =G73-$F$58 -> 0.035105562 | X73: =MATCH(LARGE($X$59:$X$69,ROWS($C$73:C73)),$X$59:$X$69,0) -> 1 | Z73: {=INDEX($Z$59:$Z$69,$X73)} -> Revenue growth ±2pp
C74: {=INDEX($C$59:$C$69,$X74)} -> Exit multiple vs. entry (turns) | D74: =TEXT(INDEX($D$59:$D$69,$X74),INDEX($Y$59:$Y$69,$X74)) -> (2.0x) | E74: =TEXT(INDEX($E$59:$E$69,$X74),INDEX($Y$59:$Y$69,$X74)) -> +2.0x | F74: {=INDEX($G$59:$G$69,$X74)} -> 0.18473484 | G74: {=INDEX($H$59:$H$69,$X74)} -> 0.23487429 | H74: {=INDEX($I$59:$I$69,$X74)} -> 0.051553893 | I74: =F74-$F$58 -> -0.025983095 | J74: =G74-$F$58 -> 0.024156356 | X74: =MATCH(LARGE($X$59:$X$69,ROWS($C$73:C74)),$X$59:$X$69,0) -> 3 | Z74: {=INDEX($Z$59:$Z$69,$X74)} -> Exit multiple ±2.0x
C75: {=INDEX($C$59:$C$69,$X75)} -> Adj. EBITDA margin (pp, all years) | D75: =TEXT(INDEX($D$59:$D$69,$X75),INDEX($Y$59:$Y$69,$X75)) -> (2.0pp) | E75: =TEXT(INDEX($E$59:$E$69,$X75),INDEX($Y$59:$Y$69,$X75)) -> +2.0pp | F75: {=INDEX($G$59:$G$69,$X75)} -> 0.191664 | G75: {=INDEX($H$59:$H$69,$X75)} -> 0.22893761 | H75: {=INDEX($I$59:$I$69,$X75)} -> 0.038318396 | I75: =F75-$F$58 -> -0.019053936 | J75: =G75-$F$58 -> 0.018219674 | X75: =MATCH(LARGE($X$59:$X$69,ROWS($C$73:C75)),$X$59:$X$69,0) -> 2 | Z75: {=INDEX($Z$59:$Z$69,$X75)} -> EBITDA margin ±2pp
C76: {=INDEX($C$59:$C$69,$X76)} -> Entry price per share ($) | D76: =TEXT(INDEX($D$59:$D$69,$X76),INDEX($Y$59:$Y$69,$X76)) -> $23.55 | E76: =TEXT(INDEX($E$59:$E$69,$X76),INDEX($Y$59:$Y$69,$X76)) -> $25.55 | F76: {=INDEX($G$59:$G$69,$X76)} -> 0.22547768 | G76: {=INDEX($H$59:$H$69,$X76)} -> 0.19688905 | H76: {=INDEX($I$59:$I$69,$X76)} -> 0.02934494 | I76: =F76-$F$58 -> 0.014759743 | J76: =G76-$F$58 -> -0.013828886 | X76: =MATCH(LARGE($X$59:$X$69,ROWS($C$73:C76)),$X$59:$X$69,0) -> 4 | Z76: {=INDEX($Z$59:$Z$69,$X76)} -> Entry price ±$1.00
C77: {=INDEX($C$59:$C$69,$X77)} -> SBC treated as cash (%) | D77: =TEXT(INDEX($D$59:$D$69,$X77),INDEX($Y$59:$Y$69,$X77)) -> 50% | E77: =TEXT(INDEX($E$59:$E$69,$X77),INDEX($Y$59:$Y$69,$X77)) -> 100% | F77: {=INDEX($G$59:$G$69,$X77)} -> 0.21787521 | G77: {=INDEX($H$59:$H$69,$X77)} -> 0.21071793 | H77: {=INDEX($I$59:$I$69,$X77)} -> 0.0074406266 | I77: =F77-$F$58 -> 0.0071572781 | J77: =G77-$F$58 -> 0 | X77: =MATCH(LARGE($X$59:$X$69,ROWS($C$73:C77)),$X$59:$X$69,0) -> 5 | Z77: {=INDEX($Z$59:$Z$69,$X77)} -> SBC as cash 50% / 100%
C78: {=INDEX($C$59:$C$69,$X78)} -> Term SOFR (bps vs. 3.53% flat) | D78: =TEXT(INDEX($D$59:$D$69,$X78),INDEX($Y$59:$Y$69,$X78)) -> (100bps) | E78: =TEXT(INDEX($E$59:$E$69,$X78),INDEX($Y$59:$Y$69,$X78)) -> +100bps | F78: {=INDEX($G$59:$G$69,$X78)} -> 0.2133756 | G78: {=INDEX($H$59:$H$69,$X78)} -> 0.20789972 | H78: {=INDEX($I$59:$I$69,$X78)} -> 0.0060931206 | I78: =F78-$F$58 -> 0.0026576638 | J78: =G78-$F$58 -> -0.0028182149 | X78: =MATCH(LARGE($X$59:$X$69,ROWS($C$73:C78)),$X$59:$X$69,0) -> 6 | Z78: {=INDEX($Z$59:$Z$69,$X78)} -> SOFR ±100bps
C79: {=INDEX($C$59:$C$69,$X79)} -> Company merger costs ($m) | D79: =TEXT(INDEX($D$59:$D$69,$X79),INDEX($Y$59:$Y$69,$X79)) -> $100 | E79: =TEXT(INDEX($E$59:$E$69,$X79),INDEX($Y$59:$Y$69,$X79)) -> $150 | F79: {=INDEX($G$59:$G$69,$X79)} -> 0.21184791 | G79: {=INDEX($H$59:$H$69,$X79)} -> 0.20951412 | H79: {=INDEX($I$59:$I$69,$X79)} -> 0.0023818851 | I79: =F79-$F$58 -> 0.0011299729 | J79: =G79-$F$58 -> -0.0012038112 | X79: =MATCH(LARGE($X$59:$X$69,ROWS($C$73:C79)),$X$59:$X$69,0) -> 10 | Z79: {=INDEX($Z$59:$Z$69,$X79)} -> Merger costs $100m / $150m
C80: {=INDEX($C$59:$C$69,$X80)} -> Minimum cash ($m) | D80: =TEXT(INDEX($D$59:$D$69,$X80),INDEX($Y$59:$Y$69,$X80)) -> $50 | E80: =TEXT(INDEX($E$59:$E$69,$X80),INDEX($Y$59:$Y$69,$X80)) -> $150 | F80: {=INDEX($G$59:$G$69,$X80)} -> 0.21130159 | G80: {=INDEX($H$59:$H$69,$X80)} -> 0.20899127 | H80: {=INDEX($I$59:$I$69,$X80)} -> 0.0023345113 | I80: =F80-$F$58 -> 0.0005836606 | J80: =G80-$F$58 -> -0.0017266631 | X80: =MATCH(LARGE($X$59:$X$69,ROWS($C$73:C80)),$X$59:$X$69,0) -> 11 | Z80: {=INDEX($Z$59:$Z$69,$X80)} -> Minimum cash $50m / $150m
C81: {=INDEX($C$59:$C$69,$X81)} -> NWC investment (pp of revenue) | D81: =TEXT(INDEX($D$59:$D$69,$X81),INDEX($Y$59:$Y$69,$X81)) -> (0.7pp) | E81: =TEXT(INDEX($E$59:$E$69,$X81),INDEX($Y$59:$Y$69,$X81)) -> +0.7pp | F81: {=INDEX($G$59:$G$69,$X81)} -> 0.21162017 | G81: {=INDEX($H$59:$H$69,$X81)} -> 0.20981331 | H81: {=INDEX($I$59:$I$69,$X81)} -> 0.0018522501 | I81: =F81-$F$58 -> 0.00090223551 | J81: =G81-$F$58 -> -0.00090461969 | X81: =MATCH(LARGE($X$59:$X$69,ROWS($C$73:C81)),$X$59:$X$69,0) -> 9 | Z81: {=INDEX($Z$59:$Z$69,$X81)} -> NWC ±0.7pp
C82: {=INDEX($C$59:$C$69,$X82)} -> Capex (pp of revenue) | D82: =TEXT(INDEX($D$59:$D$69,$X82),INDEX($Y$59:$Y$69,$X82)) -> (0.5pp) | E82: =TEXT(INDEX($E$59:$E$69,$X82),INDEX($Y$59:$Y$69,$X82)) -> +0.9pp | F82: {=INDEX($G$59:$G$69,$X82)} -> 0.21133117 | G82: {=INDEX($H$59:$H$69,$X82)} -> 0.20961134 | H82: {=INDEX($I$59:$I$69,$X82)} -> 0.0017630816 | I82: =F82-$F$58 -> 0.00061323643 | J82: =G82-$F$58 -> -0.001106596 | X82: =MATCH(LARGE($X$59:$X$69,ROWS($C$73:C82)),$X$59:$X$69,0) -> 8 | Z82: {=INDEX($Z$59:$Z$69,$X82)} -> Capex (0.5pp) / +0.9pp
C83: {=INDEX($C$59:$C$69,$X83)} -> PIK election | D83: =TEXT(INDEX($D$59:$D$69,$X83),INDEX($Y$59:$Y$69,$X83)) -> Off | E83: =TEXT(INDEX($E$59:$E$69,$X83),INDEX($Y$59:$Y$69,$X83)) -> On | F83: {=INDEX($G$59:$G$69,$X83)} -> 0.2110804 | G83: {=INDEX($H$59:$H$69,$X83)} -> 0.21071793 | H83: {=INDEX($I$59:$I$69,$X83)} -> 0.00039800406 | I83: =F83-$F$58 -> 0.00036246777 | J83: =G83-$F$58 -> 0 | X83: =MATCH(LARGE($X$59:$X$69,ROWS($C$73:C83)),$X$59:$X$69,0) -> 7 | Z83: {=INDEX($Z$59:$Z$69,$X83)} -> PIK off / on
C84: Base IRR | F84: =F58 -> 0.21071793
C86: Scenario Summary: FY2030
E87: Revenue | F87: Adj. EBITDA | G87: Debt / EBITDA | H87: EBITDA / int. | I87: IRR | J87: MOIC | K87: Price @ 20% IRR | L87: NTM EBITDA | M87: Net debt | N87: Equity in | O87: Exit mult. | P87: Years
C88: Live case (case toggle) | E88: =Model!N55 -> 1479.5137 | F88: =Model!N57 -> 573.49361 | G88: =Model!N164 -> 4.1583262 | H88: =Model!N170 -> 2.9699651 | I88: =Model!I204 -> 0.21071793 | J88: =Model!I205 -> 2.3735575 | K88: =INDEX(Model!$K$192:$N$192,MATCH(Model!$M$8,Model!$K$54:$N$54,0)) -> 25.328291 | L88: =INDEX(Model!$K$176:$N$176,MATCH(Model!$M$8,Model!$K$54:$N$54,0)) -> 636.02835 | M88: =INDEX(Model!$K$162:$N$162,MATCH(Model!$M$8,Model!$K$54:$N$54,0)) -> 2309.7735 | N88: =Model!E34 -> 5737.032 | O88: =Model!U26 -> 25.041256 | P88: =(Model!M8-Model!E4)/365 -> 4.5205479
C89: Base (Outside-in) | D89: 4 | E89: 1479.5137 | F89: 573.49361 | G89: 4.1583262 | H89: 2.9699651 | I89: 0.21071793 | J89: 2.3735575 | K89: 25.328291 | L89: 636.02835 | M89: 2309.7735 | N89: 5737.032 | O89: 25.041256 | P89: 4.5205479
C90: Management | D90: 2 | E90: 1810.3863 | F90: 764.42984 | G90: 2.4221255 | H90: 4.7405237 | I90: 0.3242314 | J90: 3.5591278 | K90: 35.087799 | L90: 896.72053 | M90: 1776.545 | N90: 5737.032 | O90: 24.751719 | P90: 4.5205479
C91: Upside | D91: 3 | E91: 1682.878 | F91: 677.5655 | G91: 3.0658047 | H91: 3.9028336 | I91: 0.25675065 | J91: 2.8097029 | K91: 28.9186 | L91: 771.708 | M91: 2002.2835 | N91: 5737.032 | O91: 23.482507 | P91: 4.5205479
C92: Downside | D92: 1 | E92: 1296.2904 | F92: 483.02769 | G92: 5.4936247 | H92: 2.2983909 | I92: 0.16343494 | J92: 1.9823956 | K92: 22.108281 | L92: 521.25894 | M92: 2578.5728 | N92: 5737.032 | O92: 26.765277 | P92: 4.5205479
E93: Downside | F93: Base | G93: Difference
C94: Check: Downside IRR below Base | E94: =I92 -> 0.16343494 | F94: =I89 -> 0.21071793 | G94: =E94-F94 -> -0.047282994
C96: Scenario Drivers by Case (Driver Assumptions)
E97: vs. Base | F97: ='Driver Assumptions'!F6 -> 46387 | G97: ='Driver Assumptions'!G6 -> 46752 | H97: ='Driver Assumptions'!H6 -> 47118 | I97: ='Driver Assumptions'!I6 -> 47483 | J97: ='Driver Assumptions'!J6 -> 47848
C98: Revenue growth
C99: Base (Outside-in) | F99: ='Driver Assumptions'!F12 -> 0.28040329 | G99: ='Driver Assumptions'!G12 -> 0.13619371 | H99: ='Driver Assumptions'!H12 -> 0.12619371 | I99: ='Driver Assumptions'!I12 -> 0.11619371 | J99: ='Driver Assumptions'!J12 -> 0.10619371
C100: Management | F100: ='Driver Assumptions'!F10 -> 0.28767123 | G100: ='Driver Assumptions'!G10 -> 0.17021277 | H100: ='Driver Assumptions'!H10 -> 0.18 | I100: ='Driver Assumptions'!I10 -> 0.17950693 | J100: ='Driver Assumptions'!J10 -> 0.18027433
C101: Upside | E101: ='Driver Assumptions'!E11 -> 3 | F101: ='Driver Assumptions'!F11 -> 0.31040329 | G101: ='Driver Assumptions'!G11 -> 0.16619371 | H101: ='Driver Assumptions'!H11 -> 0.15619371 | I101: ='Driver Assumptions'!I11 -> 0.14619371 | J101: ='Driver Assumptions'!J11 -> 0.13619371
C102: Downside | E102: ='Driver Assumptions'!E9 -> -3 | F102: ='Driver Assumptions'!F9 -> 0.25040329 | G102: ='Driver Assumptions'!G9 -> 0.10619371 | H102: ='Driver Assumptions'!H9 -> 0.096193715 | I102: ='Driver Assumptions'!I9 -> 0.086193715 | J102: ='Driver Assumptions'!J9 -> 0.076193715
C103: Adj. EBITDA margin (pre-SBC)
C104: Base (Outside-in) | F104: ='Driver Assumptions'!F18 -> 0.35743438 | G104: ='Driver Assumptions'!G18 -> 0.37169221 | H104: ='Driver Assumptions'!H18 -> 0.37806455 | I104: ='Driver Assumptions'!I18 -> 0.38443689 | J104: ='Driver Assumptions'!J18 -> 0.38762306
C105: Management | F105: ='Driver Assumptions'!F16 -> 0.35957447 | G105: ='Driver Assumptions'!G16 -> 0.38 | H105: ='Driver Assumptions'!H16 -> 0.3990755 | I105: ='Driver Assumptions'!I16 -> 0.41410843 | J105: ='Driver Assumptions'!J16 -> 0.42224682
C106: Upside | E106: ='Driver Assumptions'!E17 -> 1.5 | F106: ='Driver Assumptions'!F17 -> 0.37243438 | G106: ='Driver Assumptions'!G17 -> 0.38669221 | H106: ='Driver Assumptions'!H17 -> 0.39306455 | I106: ='Driver Assumptions'!I17 -> 0.39943689 | J106: ='Driver Assumptions'!J17 -> 0.40262306
C107: Downside | E107: ='Driver Assumptions'!E15 -> -1.5 | F107: ='Driver Assumptions'!F15 -> 0.34243438 | G107: ='Driver Assumptions'!G15 -> 0.35669221 | H107: ='Driver Assumptions'!H15 -> 0.36306455 | I107: ='Driver Assumptions'!I15 -> 0.36943689 | J107: ='Driver Assumptions'!J15 -> 0.37262306
C108: SBC expense ($m)
C109: Base (Outside-in) | F109: ='Driver Assumptions'!F24 -> 127.896 | G109: ='Driver Assumptions'!G24 -> 127.896 | H109: ='Driver Assumptions'!H24 -> 135.96584 | I109: ='Driver Assumptions'!I24 -> 143.86502 | J109: ='Driver Assumptions'!J24 -> 151.5038
...

Sheet From Company>>>

Sheet Income Statement
A2: Income Statement
A3: For the Fiscal Period Ending | B3: 12 months Dec-31-2021 | C3: 12 months Dec-31-2022 | D3: 12 months Dec-31-2023 | E3: 12 months Dec-31-2024 | F3: 12 months Dec-31-2025 | G3: 3 months Mar-31-2025 | H3: 3 months Mar-31-2026 | I3: LTM Mar-31-2026
A4: Currency | B4: USD mm | C4: USD mm | D4: USD mm | E4: USD mm | F4: USD mm | G4: USD mm | H4: USD mm | I4: USD mm
A6: Revenue | B6: 252.022 | C6: 303.426 | D6: 368.168 | E6: 451.803 | F6: 731.368 | G6: 126.864 | H6: 221.228 | I6: =F6-G6+H6 -> 825.732
A7: Cost of revenue | B7: 67.864 | C7: 87.784 | D7: 107.127 | E7: 122.987 | F7: 239.22 | G7: 33.924 | H7: 75.681 | I7: =F7-G7+H7 -> 280.977
A8: Gross profit | B8: 184.158 | C8: 215.642 | D8: 261.041 | E8: 328.816 | F8: 492.148 | G8: 92.94 | H8: 145.547 | I8: =F8-G8+H8 -> 544.755
A10: Research and development | B10: 72.69 | C10: 94.12 | D10: 123.925 | E10: 150.558 | F10: 196.228 | G10: 37.4 | H10: 57.05 | I10: =F10-G10+H10 -> 215.878
A11: Sales and marketing | B11: 39.065 | C11: 52.638 | D11: 60.365 | E11: 67.254 | F11: 149.18 | G11: 19.631 | H11: 46.241 | I11: =F11-G11+H11 -> 175.79
A12: General and administrative | B12: 43.942 | C12: 63.767 | D12: 93.496 | E12: 98.77 | F12: 154.426 | G12: 28.827 | H12: 33.266 | I12: =F12-G12+H12 -> 158.865
A13: Total operating expenses | B13: 155.697 | C13: 210.525 | D13: 277.786 | E13: 316.582 | F13: 499.834 | G13: 85.858 | H13: 136.557 | I13: =F13-G13+H13 -> 550.533
A15: Income (loss) from operations | B15: 28.461 | C15: 5.117 | D15: -16.745 | E15: 12.234 | F15: -7.686 | G15: 7.082 | H15: 8.99 | I15: =F15-G15+H15 -> -5.778
A17: Interest expense | D17: 4.729 | E17: 4.325 | F17: 45.664 | G17: 0.919 | H17: 12.646 | I17: =F17-G17+H17 -> 57.391
A18: Interest (income) expense, net | B18: 25.682 | C18: -1.137
A19: Tax receivable agreement expense | C19: 11.639 | D19: 14.396 | E19: 53.181
A20: Loss on debt extinguishment | B20: 10.303
A21: Other (income) expense, net | B21: 0.083 | C21: -0.05 | D21: -13.004 | E21: -15.209 | F21: -3.678 | G21: -2.323 | H21: -0.051 | I21: =F21-G21+H21 -> -1.406
A22: Income (loss) before income taxes | B22: -7.607 | C22: -5.335 | D22: -22.866 | E22: -30.063 | F22: -49.672 | G22: 8.486 | H22: -3.605 | I22: =F22-G22+H22 -> -61.763
A24: Provision for (benefit from) income taxes | B24: 0.487 | C24: 1.36 | D24: 0.217 | E24: -457.648 | F24: -9.418 | G24: 1.55 | H24: -0.809 | I24: =F24-G24+H24 -> -11.777
A25: Net income (loss) | B25: -8.094 | C25: -6.695 | D25: -23.083 | E25: 427.585 | F25: -40.254 | G25: 6.936 | H25: -2.796 | I25: =F25-G25+H25 -> -49.986
A26: Less: non-controlling interests | B26: 0.119 | C26: 1.272 | D26: -1.456 | E26: 3.207 | F26: -1.447 | G26: 0.426 | H26: -0.02 | I26: =F26-G26+H26 -> -1.893
A27: Net income (loss) attributable to Clearwater | B27: -8.213 | C27: -7.967 | D27: -21.627 | E27: 424.378 | F27: -38.807 | G27: 6.51 | H27: -2.776 | I27: =F27-G27+H27 -> -48.093
A29: Supplemental Items
A30: Equity-based compensation expense | B30: 36.695 | C30: 65.691 | D30: 104.447 | E30: 103.201 | F30: 127.896 | G30: 23.712 | H30: 28.575 | I30: =F30-G30+H30 -> 132.759
A31: Depreciation and amortization | B31: 3.493 | C31: 5.139 | D31: 9.929 | E31: 12.181 | F31: 85.541 | G31: 3.146 | H31: 29.557 | I31: =F31-G31+H31 -> 111.952
A32: Adjusted EBITDA (company-reported) | B32: 72.676 | C32: 81.136 | D32: 105.906 | E32: 145.674 | F32: 248.19 | G32: 45.07 | H32: 77.425 | I32: =F32-G32+H32 -> 280.545
A33: Adjusted EBITDA margin | B33: =IFERROR(B32/B6,0) -> 0.28837165 | C33: =IFERROR(C32/C6,0) -> 0.26739963 | D33: =IFERROR(D32/D6,0) -> 0.28765672 | E33: =IFERROR(E32/E6,0) -> 0.32242814 | F33: =IFERROR(F32/F6,0) -> 0.33935037 | G33: =IFERROR(G32/G6,0) -> 0.35526233 | H33: =IFERROR(H32/H6,0) -> 0.3499783 | I33: =IFERROR(I32/I6,0) -> 0.33975309

Sheet Balance Sheet
A2: Balance Sheet
A3: Balance Sheet as of: | B3: 44561 | C3: 44926 | D3: 45291 | E3: 45657 | F3: 46022 | G3: 46112
A4: Currency | B4: USD mm | C4: USD mm | D4: USD mm | E4: USD mm | F4: USD mm | G4: USD mm
A5: ASSETS
A6: Cash and cash equivalents | B6: 254.597 | C6: 250.724 | D6: 221.765 | E6: 177.35 | F6: 91.245 | G6: 81.507
A7: Short-term investments | C7: 4.89 | D7: 74.457 | E7: 78.139
A8: Accounts receivable, net | B8: 50.19 | C8: 72.575 | D8: 92.091 | E8: 106.151 | F8: 167.348 | G8: 169.63
A9: Prepaid expenses and other current assets | B9: 16.551 | C9: 28.157 | D9: 27.683 | E9: 23.006 | F9: 36.977 | G9: 43.107
A10: Total current assets | B10: 321.338 | C10: 356.346 | D10: 415.996 | E10: 384.646 | F10: 295.57 | G10: 294.244
A12: Property, equipment and software, net | B12: 10.738 | C12: 15.064 | D12: 15.349 | E12: 14.797 | F12: 26.607 | G12: 30.454
A13: Operating lease right-of-use assets, net | C13: 24.114 | D13: 22.554 | E13: 24.797 | F13: 34.3 | G13: 51.639
A14: Deferred contract costs, non-current | B14: 5.687 | C14: 6.563 | D14: 6.439 | E14: 7.013 | F14: 13.017 | G14: 11.044
A15: Debt issuance costs - line of credit | B15: 0.922 | C15: 0.728 | D15: 0.533 | E15: 0.339 | F15: 3.467 | G15: 3.268
A16: Deferred tax assets, net | E16: 602.5 | F16: 695.998 | G16: 702.3
A17: Other non-current assets | B17: 5.67 | C17: 5.88 | D17: 4.907 | E17: 3.34 | F17: 5.336 | G17: 4.816
A18: Intangible assets, net | C18: 29.456 | D18: 26.132 | E18: 30.868 | F18: 687.578 | G18: 660.65
A19: Goodwill | C19: 43.791 | D19: 45.338 | E19: 70.971 | F19: 1270.056 | G19: 1268.44
A20: Long-term investments | D20: 21.495 | E20: 30.301
A21: Total assets | B21: 344.355 | C21: 481.942 | D21: 558.743 | E21: 1169.572 | F21: 3031.929 | G21: 3026.855
A22: LIABILITIES
A23: Accounts payable | B23: 1.416 | C23: 3.092 | D23: 3.062 | E23: 2.934 | F23: 4.096 | G23: 1.63
A24: Accrued expenses and other current liabilities | B24: 27.032 | C24: 42.119 | D24: 49.535 | E24: 55.654 | F24: 112.249 | G24: 78.605
A25: Deferred revenue | E25: 7.329 | F25: 21.86 | G25: 28.027
A26: Notes payable, current portion | B26: 2.75 | C26: 2.75 | D26: 2.75 | E26: 2.75 | F26: 8 | G26: 8
A27: Operating lease liability, current portion | C27: 5.851 | D27: 6.551 | E27: 8.35 | F27: 15.138 | G27: 14.21
A28: Tax receivable agreement liability | C28: 12.2 | D28: 18.894 | E28: 0.035
A29: Total current liabilities | B29: 31.198 | C29: 66.012 | D29: 80.792 | E29: 77.052 | F29: 161.343 | G29: 130.472
A30: Notes payable, net of current portion and issuance costs | B30: 51.157 | C30: 48.492 | D30: 45.828 | E30: 43.164 | F30: 814.643 | G30: 798.399
A31: Operating lease liability, less current portion | C31: 19.505 | D31: 16.948 | E31: 17.655 | F31: 22.555 | G31: 40.228
A32: Other long-term liabilities | B32: 0.132 | C32: 9.547 | D32: 5.518 | E32: 1.47 | F32: 2.296 | G32: 3.194
A33: Total liabilities | B33: 82.487 | C33: 143.556 | D33: 149.086 | E33: 139.341 | F33: 1000.837 | G33: 972.293
A34: EQUITY
A35: Stockholders' equity attributable to Clearwater | B35: 196.867 | C35: 269.521 | D35: 354.329 | E35: 1008.255 | F35: 2021.732 | G35: 2049.5
A36: Non-controlling interests | B36: 65.001 | C36: 68.865 | D36: 55.328 | E36: 21.976 | F36: 9.36 | G36: 5.062
A37: Total stockholders' equity | B37: 261.868 | C37: 338.386 | D37: 409.657 | E37: 1030.231 | F37: 2031.092 | G37: 2054.562
A38: Total liabilities and stockholders' equity | B38: 344.355 | C38: 481.942 | D38: 558.743 | E38: 1169.572 | F38: 3031.929 | G38: 3026.855

Sheet Cash Flow
A2: Cash Flow
A3: For the Fiscal Period Ending | B3: 12 months Dec-31-2021 | C3: 12 months Dec-31-2022 | D3: 12 months Dec-31-2023 | E3: 12 months Dec-31-2024 | F3: 12 months Dec-31-2025 | G3: 3 months Mar-31-2025 | H3: 3 months Mar-31-2026
A4: Currency | B4: USD mm | C4: USD mm | D4: USD mm | E4: USD mm | F4: USD mm | G4: USD mm | H4: USD mm
A5: OPERATING ACTIVITIES
A6: Net income (loss) | B6: -8.094 | C6: -6.695 | D6: -23.083 | E6: 427.585 | F6: -40.254 | G6: 6.936 | H6: -2.796
A7: Depreciation and amortization | B7: 3.493 | C7: 5.139 | D7: 9.929 | E7: 12.181 | F7: 85.541 | G7: 3.146 | H7: 29.557
A8: Noncash operating lease cost | C8: 5.95 | D8: 7.619 | E8: 9.221 | F8: 16.682 | G8: 2.375 | H8: 4.123
A9: Equity-based compensation | B9: 36.695 | C9: 65.691 | D9: 104.447 | E9: 103.201 | F9: 127.896 | G9: 23.712 | H9: 28.575
A10: Amortization of deferred contract acquisition costs | B10: 3.385 | C10: 4.327 | D10: 4.763 | E10: 5.265 | F10: 11.487 | G10: 1.35 | H10: 3.121
A11: Amortization of debt issuance costs | B11: 1.545 | C11: 0.279 | D11: 0.28 | E11: 0.28 | F11: 2.77 | G11: 0.069 | H11: 0.954
A12: Debt extinguishment costs | B12: 10.303 | F12: 0.419
A13: Provision for bad debt | F13: 2.165 | H13: 0.216
A14: Deferred tax (benefit) expense | B14: -0.675 | C14: -0.803 | D14: -1.665 | E14: -460.032 | F14: -12.607 | G14: 1.25 | H14: -2
A15: Accretion of discount on investments | D15: -1.474 | E15: -2.185 | F15: -0.284 | G15: -0.284
A16: Realized gain on investments | D16: -0.089 | E16: -0.035 | F16: -0.112 | G16: -0.112
A17: Gain on disposal of fixed assets | H17: -0.08
A18: Accounts receivable, net | B18: -17.308 | C18: -19.098 | D18: -19.298 | E18: -13.648 | F18: -11.148 | G18: -5.296 | H18: -2.498
A19: Prepaid expenses and other assets | B19: -13.136 | C19: -4.956 | D19: 1.151 | E19: 5.627 | F19: -11.159 | G19: -2.576 | H19: -4.078
A20: Deferred contract acquisition costs | B20: -5.161 | C20: -5.845 | D20: -5.067 | E20: -6.242 | F20: -17.036 | G20: 0.007 | H20: -3.006
A21: Accounts payable | B21: 0.361 | C21: 1.609 | D21: -0.115 | E21: 0.269 | F21: -1.341 | G21: -0.918 | H21: -2.458
A22: Accrued expenses and other liabilities | B22: -8.05 | C22: 0.207 | D22: 1.204 | E22: 11.693 | F22: 22.449 | G22: -5.124 | H22: -32.824
A23: Tax receivable agreement liability | C23: 12.2 | D23: 6 | E23: -18.859 | F23: -0.035 | G23: -0.035
A24: Other long-term liabilities | F24: 0.463 | H24: 0.869
A25: Net cash provided by operating activities | B25: 3.358 | C25: 58.005 | D25: 84.602 | E25: 74.321 | F25: 175.896 | G25: 24.5 | H25: 17.675
A27: INVESTING ACTIVITIES
A28: Purchases of property, equipment and software | B28: -5.025 | C28: -7.758 | D28: -5.624 | E28: -5.259 | F28: -11.554 | G28: -1.468 | H28: -6.44
A29: Purchases of intangible assets | F29: -10.239
A30: Purchase of held to maturity investments | C30: -3 | D30: -3.004 | E30: -3.009 | F30: -4.686 | G30: -4.686
A31: Purchase of available-for-sale investments | D31: -124.178 | E31: -114.572
A32: Proceeds from sale of available-for-sale investments | D32: 5.95 | F32: 89.479 | G32: 89.479
A33: Proceeds from maturities of investments | D33: 31.801 | E33: 107.417 | F33: 23.716 | G33: 16.2
A34: Acquisition of business, net of cash acquired | C34: -65.793 | E34: -40.121 | F34: -1074.754
A35: Payment of initial direct costs for operating lease | E35: -0.104 | F35: -0.089
A36: Net cash used in investing activities | B36: -5.025 | C36: -76.551 | D36: -95.055 | E36: -55.648 | F36: -988.127 | G36: 99.525 | H36: -6.44
A38: FINANCING ACTIVITIES
A39: Proceeds from issuance of common unit options | B39: 1.56
A40: Proceeds from exercise of options | B40: 2.83 | C40: 18.284 | D40: 4.738 | E40: 0.248 | F40: 0.168
A41: Taxes paid on net share settlement of equity awards | B41: -2.185 | C41: -3.189 | D41: -20.784 | E41: -55.301 | F41: -33.749 | G41: -24.402 | H41: -2.248
A42: Repurchase of common stock / units | B42: -0.626 | F42: -18.054
A43: Proceeds from borrowings | B43: 55 | F43: 924.475
A44: Repayments of borrowings | B44: -434.919 | C44: -2.75 | D44: -2.749 | E44: -2.75 | F44: -154.063 | G44: -0.688 | H44: -17
A45: Payments of costs for early repayment of debt | B45: -2.029
A46: Payment of debt issuance costs | B46: -1.4 | G46: -2.159
A47: Proceeds from IPO, net of underwriting discounts | B47: 582.188
A48: Payment of costs associated with offering | B48: -5.131 | C48: -0.214
A49: Proceeds from employee stock purchase plan | C49: 4.215 | D49: 4.588 | E49: 4.693 | F49: 6.636
A50: Payment of tax distributions | C50: -0.117 | D50: -2.184 | E50: -3.873
A51: Payment of business acquisition holdback liability | D51: -2.9 | E51: -4.685
A52: Net cash provided by (used in) financing activities | B52: 195.288 | C52: 16.229 | D52: -19.291 | E52: -61.668 | F52: 725.413 | G52: -27.249 | H52: -19.248
A54: Effect of exchange rate changes on cash | B54: -0.112 | C54: -1.556 | D54: 0.785 | E54: -1.42 | F54: 0.713 | G54: 1.033 | H54: -1.725
A55: Change in cash and cash equivalents | B55: 193.509 | C55: -3.873 | D55: -28.959 | E55: -44.415 | F55: -86.105 | G55: 97.809 | H55: -9.738
A56: Cash and cash equivalents, beginning of period | B56: 61.088 | C56: 254.597 | D56: 250.724 | E56: 221.765 | F56: 177.35 | G56: 177.35 | H56: 91.245
A57: Cash and cash equivalents, end of period | B57: 254.597 | C57: 250.724 | D57: 221.765 | E57: 177.35 | F57: 91.245 | G57: 275.159 | H57: 81.507
